 Dungeon Crawl Stone Soup version 0.18-a0-1267-gff090c1 (console) character file.

16641057 HOSu the Orcish Ballista (level 27, 300/300 HPs)
             Began as a Hill Orc Summoner on Jan 23, 2016.
             Was the Champion of Makhleb.
             Escaped with the Orb
             ... and 15 runes on Feb 6, 2016!
             The game lasted 11:00:10 (94288 turns).

HOSu the Orcish Ballista (Hill Orc Summoner)       Turns: 94288, Time: 11:00:10

Health: 300/300    AC: 41    Str: 23    XL:     27
Magic:  37/37      EV: 39    Int: 30    God:    Makhleb [******]
Gold:   8347       SH:  0    Dex: 19    Spells: 17 memorised, 7 levels left

rFire  + + +     SeeInvis +     V - +9 executioner's axe (vamp)
rCold  + + .     Gourm    .     T - +9 ice dragon armour
rNeg   + . .     Faith    .     (shield currently unavailable)
rPois  .         Spirit   +     U - +2 hat of the Bear Spirit {Spirit, +Rage rN+ MR++, aux}
rElec  +         Dismiss  .     O - +2 cloak of Vuethyth {Int+7, aux}
rCorr  .         Reflect  .     v - +0 pair of gloves of Naetuxku {*Contam rF++ Int+5, aux}
SustAt .         Harm     .     l - +2 pair of boots {run} {aux}
MR     ++++.     Clarity  +     m - amulet of the Devil's Advocate {RegenMP +Blink rF++ Str+4}
Stlth  ++........               f - ring of Kedghe {rF+ Str+3 Int+3 Slay+2 SInv, =R}
                                e - ring of Shaolin {EV+8}

@: very slightly contaminated, repel missiles, quick, incredibly resistant to
hostile enchantments, unstealthy
A: horns 2, thin skeletal structure 1, berserk 2, blink, clarity, low mp 1,
regeneration 1, robust 1, screaming 1, electricity resistance, weak 1, wild
magic 1, sturdy frame 1
a: Blink, Minor Destruction, Lesser Servant of Makhleb, Major Destruction,
Greater Servant of Makhleb, Renounce Religion, Evoke Blink, Evoke Berserk Rage
0: Orb of Zot
}: 15/15 runes: serpentine, barnacled, slimy, silver, golden, iron, obsidian,
icy, bone, abyssal, demonic, glowing, magical, fiery, dark


You escaped.
You worshipped Makhleb.
Makhleb was exalted by your worship.
You were not hungry.

You visited 18 branches of the dungeon, and saw 93 of its levels.
You visited Pandemonium 5 times, and saw 28 of its levels.
You visited the Abyss 3 times.
You completed 1 ziggurat, and saw 27 of its levels.
You also visited: Trove and Volcano.

You collected 16605 gold pieces.
You spent 7190 gold pieces at shops.

Inventory:

Hand Weapons
 a - the +8 frozen axe "Frostbite" {freezing cloud, *Noise +Fly rC+}
   (You found it on level 17 of a ziggurat)

   It has been specially enchanted to freeze those struck by it, causing extra
   injury to most foes and up to half again as much damage against particularly
   susceptible opponents.
   It can also slow down cold-blooded creatures.
   It protects you from cold.
   It lets you fly.
   It may make noises in combat.
 b - the +4 Staff of Dispater
   (You took it off Dispater on level 7 of the Iron City of Dis)
 V - a +9 vampiric executioner's axe (weapon)
   (You found it on level 8 of the Lair of Beasts)
Missiles
 i - 20 javelins of returning (quivered) {=f}
 u - 48 javelins of penetration {=f}
 y - 9 throwing nets {=f}
Armour
 l - a +2 pair of boots of running (worn) {aux}
   (You found it on level 27 of a ziggurat)
 v - the +0 pair of gloves of Naetuxku (worn) {*Contam rF++ Int+5, aux}
   (You acquired it in Pandemonium)

   It affects your intelligence (+5).
   It greatly protects you from fire.
   It causes magical contamination when unequipped.
 O - the +2 cloak of Vuethyth (worn) {Int+7, aux}
   (You found it on level 20 of a ziggurat)

   It affects your intelligence (+7).
 T - a +9 ice dragon armour (worn)
   (You found it on level 2 of the Depths)
 U - the +2 hat of the Bear Spirit (worn) {Spirit, +Rage rN+ MR++, aux}
   (You found it on level 17 of a ziggurat)

   It protects you from negative energy.
   It affects your resistance to hostile enchantments.
   It lets you go berserk.
Jewellery
 e - the ring of Shaolin (left hand) {EV+8}
   (You bought it in a shop on level 1 of the Shoals)

   [ring of evasion]

   It affects your evasion (+8).
 f - the ring of Kedghe (right hand) {rF+ Str+3 Int+3 Slay+2 SInv, =R}
   (You found it on level 20 of a ziggurat)

   [ring of see invisible]

   It affects your strength (+3).
   It affects your intelligence (+3).
   It affects your accuracy and damage with ranged weapons and melee attacks
   (+2).
   It protects you from fire.
   It lets you see invisible.
 m - the amulet of the Devil's Advocate (around neck) {RegenMP +Blink rF++ Str+4}
   (You found it on level 1 of the Tomb of the Ancients)

   [amulet of magic regeneration]

   It increases your magic regeneration.
   It affects your strength (+4).
   It greatly protects you from fire.
   It lets you blink.
Wands
 h - a wand of heal wounds (7/9) {!d}
   (You found it on level 15 of a ziggurat)
 w - a wand of disintegration (2/24)
   (You acquired it on level 1 of the Lair of Beasts)
 z - a wand of acid (2/15)
   (You found it on level 1 of the Tomb of the Ancients)
 E - a wand of digging (5/24)
   (You found it on level 1 of the Depths)
 H - a wand of teleportation (5/9)
   (You took it off a skeletal warrior on level 7 of Cocytus)
 J - a wand of hasting (6/9) {!d}
   (You found it on level 20 of a ziggurat)
Scrolls
 c - 3 scrolls of holy word {!r}
 n - 50 scrolls of remove curse
 t - 38 scrolls of teleportation
 B - 34 scrolls of blinking
 D - 3 scrolls of fog {!r}
 K - 5 scrolls of magic mapping
 N - 6 scrolls of identify
 W - 8 scrolls of recharging
 Z - 3 scrolls of summoning
Potions
 d - 3 potions of cure mutation {!q}
 o - 2 potions of magic {!q}
 x - 6 potions of cancellation {!q}
 A - 22 potions of curing
 C - 2 potions of might
 F - 6 potions of agility
 G - 2 potions of haste
 I - 8 potions of invisibility {We have Stealth now, invis is good}
 M - 9 potions of heal wounds
 Q - 11 potions of flight
 Y - 3 potions of resistance
Miscellaneous
 g - a sack of spiders {used: 7} {=g}
   (You found it on level 6 of the Pits of Slime)
 j - a sack of spiders
   (You found it on level 5 of the Realm of Zot)
 k - a phial of floods
   (You found it on level 12 of the Dungeon)
 p - 2 figurines of a ziggurat {Full heal in 2 turns}
 r - a legendary deck of wonders {the Helix, drawn: 3}
   (You found it on level 3 of the Tomb of the Ancients)
 s - 3 phantom mirrors
 L - a lamp of fire
   (You found it on level 2 of the Depths)
 R - a fan of gales
   (You found it on level 3 of the Elven Halls)
 X - a legendary deck of wonders {the Alchemist}
   (You found it on level 3 of the Elven Halls)
Comestibles
 P - 28 fruits
 S - 37 bread rations


   Skills:
 O Level 27 Fighting
 - Level 26.6 Axes
 O Level 27 Throwing
 O Level 27 Armour
 - Level 25.8 Dodging
 - Level 13.6 Stealth
 - Level 15.1 Spellcasting
 - Level 10.0 Hexes
 - Level 7.1 Charms
 - Level 14.5 Summonings
 - Level 10.0 Necromancy
 - Level 12.7 Translocations
 - Level 9.0 Air Magic
 - Level 5.7 Poison Magic
 - Level 11.0 Invocations
 + Level 24.7 Evocations


You had 7 spell levels left.
You knew the following spells:

 Your Spells              Type           Power        Failure   Level  Hunger
a - Swiftness             Chrm/Air       #######.     1%          2    None
c - Passwall              Trmt/Erth      ####......   13%         2    None
d - Blink                 Tloc           N/A          1%          2    None
g - Passage of Golubria   Tloc           N/A          1%          4    None
j - Portal Projectile     Tloc           ######       1%          3    None
o - Apportation           Tloc           #######...   1%          1    None
p - Phase Shift           Tloc           #######...   2%          5    None
r - Repel Missiles        Chrm/Air       ######       1%          2    None
v - Regeneration          Chrm/Necr      #######...   2%          3    None
w - Cure Poison           Pois           ######....   2%          2    None
y - Song of Slaying       Chrm           #######.     1%          2    None
z - Animate Skeleton      Necr           N/A          1%          1    None
B - Summon Butterflies    Summ           ########     1%          1    None
F - Summon Forest         Summ/Tloc      ########..   2%          5    None
H - Silence               Hex/Air        #######...   4%          5    None
S - Aura of Abjuration    Summ           ########..   1%          5    None
U - Control Undead        Necr           #######...   2%          4    None


Innate Abilities, Weirdness & Mutations

You have a pair of horns on your head.
You have a somewhat thin skeletal structure (Dex +2, Stealth).
You often lose your temper in combat.
You can translocate small distances at will.
You possess an exceptional clarity of mind.
Your magical capacity is low (-10% MP).
Your natural rate of healing is unusually fast.
You are robust (+10% HP).
You occasionally shout uncontrollably at your foes.
You are resistant to electric shocks.
You are weak. (Str -2)
Your spells are a little harder to cast, but a little more powerful.
Your movements are slightly less encumbered by armour (ER -2).

Dungeon Overview and Level Annotations

Branches:
Dungeon (15/15)            Temple (1/1) D:4            Lair (8/8) D:11
 Shoals (4/4) Lair:5        Snake (4/4) Lair:3        Slime (6/6) Lair:7
    Orc (2/2) D:12            Elf (3/3) Orc:2        Vaults (5/5) D:14
  Crypt (3/3) Vaults:3       Tomb (3/3) Crypt:3      Depths (5/5) D:15
   Hell (1/1)                 Dis (7/7) Hell            Geh (7/7) Hell
    Coc (7/7) Hell            Tar (7/7) Hell            Zot (5/5) Depths:5

Altars:
Ashenzari
Cheibriados
Dithmenos
Elyvilon
Fedhas
Gozag
Kikubaaqudgha
Makhleb
Nemelex Xobeh
Okawaru
Pakellas
Qazlal
Ru
Sif Muna
Trog
Vehumet
Xom
Yredelemnul
Zin
The Shining One
Beogh
Jiyva

Shops:
D:7 (   D:9 =   D:11 }   D:15 (   Orc:2 (%((!   Elf:3 [   Shoals:1 =
Shoals:4 :!   Vaults:1 *   Vaults:4 !   Depths:4 !   Depths:5 ?

Portals:
Hell: Depths:1 Depths:2 Depths:3 Depths:4 Depths:5
Abyss: Depths:3 Depths:4
Pandemonium: Depths:3 Depths:4

Annotations:
D:4 YrmMerkstave's ghost, novice DEAE
D:7 exclusion: door
Lair:3 exclusion: 2 oklob plants
Depths:1 Stash
Depths:5 fda
Abyss:1 Lom Lobon

.####.#...######################.
.# #....#.# #♣#♣♣ #...§≈≈≈...##.
.# ##.#.#.# #.'.♣♣#..........##.
.# #.#.#.# #.#♣.♣#..........#8.
.####.#.#.## #.#♣.♣#..........'..
...........# #.#♣♣.'..........'..
........#..# #'#####........†.'..
...#....#..# #.....#..........#8.
#...%.#.#..# #..@.............###
##.........# #.....#...≈≈≈≈...# #
#.#..#.##.# ################## #
##...#..##.# #.# # #.#.###.##.#
#.# ######## ...#####...# #.#
#....... .........#######.#
#.###### ##...............# #.#
.........######### #.#


There were no monsters in sight!


Message History

(V) Vaults (C) Crypt (W) Tomb (U) Depths (H) Hell (I) Dis (G) Gehenna (X) Cocytus (Y) Tartarus (Z) Zot
Where to? (* - list waypoints, Enter - D:1, ? - help)
Okay, then.
Search for what [Enter for "cure mut", or ? for help]? mumblety Unknown command.
(D) Dungeon (T) Temple (L) Lair (A) Shoals (P) Snake Pit (M) Slime Pits (O) Orcish Mines (E) Elven Halls (V) Vaults (C) Crypt (W) Tomb (U) Depths (H) Hell (I) Dis (G) Gehenna (X) Cocytus (Y) Tartarus (Z) Zot
Where to? (* - list waypoints, Enter - D:1, ? - help)
Okay, then.
A quokka comes into view.
There is an open gate here.
The quokka bites you but does no damage.
You slash the quokka! You freeze the quokka.
You kill the quokka!
Makhleb accepts your kill.
No target in view!
No target in view!
No target in view!
No target in view!
No target in view!
No target in view!
No target in view!
No target in view!
No target in view!
No target in view!
No target in view!
No target in view!
No target in view!
No target in view!
No target in view!
Evoke which item? (* to show all) (? for menu, Esc to quit)
Zapping:
E - a wand of digging (6/24)
The rock shatters into small pieces.
This wand has 5 charges left.
Wield which item (- for none, * to show all)? (? for menu, Esc to quit)
This weapon is vampiric, and you must be Full or above to equip it.
Eat which item? (? for menu, Esc to quit)
You continue eating. x2
You finish eating.
That bread ration really hit the spot!
Wield which item (- for none, * to show all)? (? for menu, Esc to quit)
Really wield
V - a +9 vampiric executioner's axe?
The +8 frozen axe "Frostbite" {freezing cloud, *Noise +Fly rC+} stops glowing.
You feel a dreadful hunger.
V - a +9 vampiric executioner's axe (weapon)
There is a staircase leading out of the dungeon here.
You have escaped!

Notes
Turn   | Place    | Note
--------------------------------------------------------------
     0 | D:1      | HOSu the Hill Orc Summoner began the quest for the Orb.
     0 | D:1      | Reached XP level 1. HP: 14/14 MP: 3/3
   319 | D:1      | Reached XP level 2. HP: 11/22 MP: 3/5
   323 | D:1      | Learned a level 2 spell: Call Imp
   597 | D:1      | Reached skill level 1 in Fighting
  1287 | D:2      | Reached XP level 3. HP: 16/30 MP: 2/6
  1307 | D:2      | Learned a level 3 spell: Call Canine Familiar
  1885 | D:3      | Reached skill level 3 in Fighting
  1956 | D:3      | Reached XP level 4. HP: 33/40 MP: 5/7
  2596 | D:4      | Found a staircase to the Ecumenical Temple.
  2607 | Temple   | Entered the Ecumenical Temple
  2767 | D:4      | Noticed an ogre
  2781 | D:4      | Killed an ogre
  2781 | D:4      | Reached skill level 5 in Fighting
  2781 | D:4      | Reached XP level 5. HP: 12/48 MP: 4/8
  3021 | D:4      | Found a shimmering altar of Xom.
  3081 | D:4      | Reached skill level 6 in Fighting
  3361 | D:4      | Noticed Sigmund
  3399 | D:4      | Killed Sigmund
  3399 | D:4      | Reached skill level 7 in Fighting
  3399 | D:4      | Reached XP level 6. HP: 57/60 MP: 2/9
  3527 | D:4      | Noticed YrmMerkstave's ghost (novice DEAE)
  3591 | D:4      | Noticed Natasha
  3596 | D:4      | Killed Natasha
  3668 | D:4      | Noticed Natasha
  3750 | D:4      | Reached skill level 1 in Axes
  3841 | D:4      | Reached skill level 3 in Axes
  3841 | D:4      | Reached XP level 7. HP: 46/66 MP: 4/10
  3854 | D:4      | Noticed Edmund
  3871 | D:4      | Killed Edmund
  4105 | D:4      | Killed Natasha
  4167 | D:4      | Noticed Natasha
  4274 | D:5      | Entered Level 5 of the Dungeon
  4530 | D:5      | Reached skill level 6 in Axes
  4614 | D:5      | Got a transparent leather armour
  4625 | D:5      | Identified the +0 leather armour of the Other Side {Dex+5} (You found it on level 5 of the Dungeon)
  4720 | D:5      | Found a bloodstained altar of Trog.
  4793 | D:5      | Reached XP level 8. HP: 27/73 MP: 4/11
  5147 | D:5      | Reached skill level 8 in Axes
  5723 | D:6      | Found a burning altar of Makhleb.
  5742 | D:6      | Became a worshipper of Makhleb the Destroyer
  5777 | D:6      | Noticed YrmMerkstave's ghost (novice MiFi)
  6003 | D:6      | Reached skill level 9 in Axes
  6194 | D:6      | Found a bloodstained altar of Trog.
  6623 | D:6      | Noticed Crazy Yiuf
  6640 | D:6      | Killed Crazy Yiuf
  6640 | D:6      | Reached * piety under Makhleb
  7112 | D:5      | Reached skill level 10 in Axes
  7644 | D:7      | Got a brightly glowing chain mail
  7657 | D:7      | Identified the +8 chain mail of Noughts and Crosses {rF++} (You found it on level 7 of the Dungeon)
  7682 | D:7      | Reached skill level 11 in Axes
  7682 | D:7      | Reached XP level 9. HP: 70/79 MP: 3/12
  7743 | D:7      | Noticed Menkaure
  7768 | D:7      | Killed Menkaure
  7856 | D:7      | Found a deep blue altar of Sif Muna.
  7941 | D:7      | Found Gidoutte's Antique Weapon Shoppe.
  7946 | D:7      | Bought a twisted battleaxe for 276 gold pieces
  7946 | D:7      | Identified the +6 battleaxe "Puaxutuo" {chop, Str+3 Dex+4} (You bought it in a shop on level 7 of the Dungeon)
  7973 | D:7      | Reached skill level 12 in Axes
  8002 | D:7      | Found a glowing golden altar of the Shining One.
  8069 | D:7      | Found a radiant altar of Vehumet.
  8093 | D:7      | Reached skill level 3 in Dodging
  8237 | D:8      | Reached ** piety under Makhleb
  8273 | D:8      | Reached skill level 1 in Armour
  8394 | D:8      | Reached skill level 3 in Armour
  8615 | D:8      | Noticed st0uf's ghost (novice DrBe)
  8837 | D:9      | Reached skill level 13 in Axes
  8872 | D:9      | Found Atohitu's Jewellery Boutique.
  8877 | D:9      | Reached XP level 10. HP: 86/86 MP: 13/13
  8981 | D:9      | Reached *** piety under Makhleb
  9089 | D:9      | Reached skill level 14 in Axes
  9109 | D:10     | Entered Level 10 of the Dungeon
  9110 | D:10     | Noticed Fannar
  9120 | D:10     | Killed Fannar
  9127 | D:10     | Found a snail-covered altar of Cheibriados.
  9127 | D:10     | Noticed Nergalle
  9469 | D:10     | Killed Nergalle
  9469 | D:10     | Reached skill level 3 in Evocations
  9732 | D:10     | Reached skill level 15 in Axes
  9997 | D:10     | Reached XP level 11. HP: 95/95 MP: 14/14
 10075 | D:10     | Noticed a purple ugly thing
 10084 | D:10     | Killed a purple ugly thing
 10084 | D:10     | Reached skill level 9 in Fighting
 10099 | D:11     | Reached **** piety under Makhleb
 10411 | D:11     | Noticed a five-headed hydra
 10789 | D:11     | Reached skill level 16 in Axes
 10851 | D:11     | Found Nugijong's Quality Used Wands.
 10911 | D:11     | Found a staircase to the Lair.
 11018 | D:11     | Killed a six-headed hydra
 11285 | D:12     | Noticed a death knight
 11299 | D:12     | Killed a death knight
 11380 | D:12     | Reached skill level 17 in Axes
 11384 | D:12     | Reached skill level 6 in Invocations
 11572 | D:12     | Reached ***** piety under Makhleb
 11573 | D:12     | Noticed an eight-headed hydra
 11578 | D:12     | Noticed a hill giant
 11588 | D:12     | Killed an eight-headed hydra
 11613 | D:12     | Killed a hill giant
 11742 | D:12     | Found a roughly hewn altar of Beogh.
 11742 | D:12     | Found a staircase to the Orcish Mines.
 11747 | D:12     | Noticed an orc knight
 11766 | D:12     | Reached XP level 12. HP: 78/104 MP: 17/17
 11921 | D:12     | Noticed a centaur warrior
 11933 | D:12     | Killed a centaur warrior
 11933 | D:12     | Reached skill level 18 in Axes
 12175 | D:8      | Killed st0uf's ghost
 12546 | D:8      | Found a white marble altar of Elyvilon.
 12547 | D:8      | Found an ancient bone altar of Kikubaaqudgha.
 12550 | D:8      | Found an opulent altar of Gozag.
 12749 | D:6      | Killed YrmMerkstave's ghost
 12800 | D:4      | Killed Natasha
 13186 | Orc:1    | Entered Level 1 of the Orcish Mines
 13187 | Orc:1    | +4 ring on the floor in case this chain gets too heavy
 13187 | Orc:1    | i put most of the interesting stuff on the shopping list but you might want to ctrl+f some stuff just in case
 13187 | Orc:1    | this char is kind of nuts though so shouldn't be a big difference
 13187 | Orc:1    | Upgraded the game from 0.18-a0-1157-g59db91b to 0.18-a0-1160-geb89fc2
 13276 | Orc:2    | Entered Level 2 of the Orcish Mines
 13280 | Orc:2    | Noticed Saint Roka
 13297 | Orc:2    | Noticed Donald
 13435 | Orc:2    | Noticed YrmMerkstave's ghost (journeyman MiFi)
 13456 | D:12     | Killed Donald
 13456 | D:12     | Reached skill level 19 in Axes
 13620 | D:11     | Bought a wand of invisibility (0/9) for 44 gold pieces
 13732 | Orc:2    | Killed YrmMerkstave's ghost
 13747 | Orc:2    | Killed Saint Roka
 13747 | Orc:2    | Reached skill level 20 in Axes
 13763 | Orc:2    | Noticed Josephine
 13780 | Orc:2    | Killed Josephine
 13896 | Orc:2    | Found Boliloo's Antique Weapon Emporium.
 13904 | Orc:2    | Noticed an ogre mage
 13994 | Orc:1    | Reached XP level 13. HP: 78/112 MP: 18/18
 13996 | Orc:1    | Reached skill level 5 in Armour
 14261 | Orc:2    | Reached skill level 10 in Fighting
 14320 | Orc:2    | Noticed Maud
 14519 | Orc:1    | Killed Maud
 14897 | Orc:2    | Reached skill level 5 in Dodging
 15155 | Orc:2    | Found a staircase to the Elven Halls.
 15238 | Orc:2    | Found Sufav's Weapon Shop.
 15264 | Orc:2    | Found Biziruy's Distillery.
 15512 | Orc:2    | Found Nydepu's Food Boutique.
 15513 | Orc:2    | Found Dunul's Antique Weapon Boutique.
 15525 | Orc:2    | Reached ****** piety under Makhleb
 17112 | D:13     | Reached XP level 14. HP: 122/124 MP: 19/19
 17325 | D:13     | Gained mutation: You tend to lose your temper in combat. [mutagenic meat]
 17326 | D:13     | Gained mutation: Scrolls take you a little longer to read. [mutagenic meat]
 17441 | Orc:2    | Bought a potion of mutation for 35 gold pieces
 17441 | Orc:2    | Gained mutation: You are clumsy. (Dex -2) [potion of mutation]
 17441 | Orc:2    | Gained mutation: Your natural rate of healing is unusually fast. [potion of mutation]
 17441 | Orc:2    | Gained mutation: You are robust (+10% HP). [potion of mutation]
 17442 | Orc:2    | Gained mutation: You are covered in fur (AC +1). [potion of mutation]
 17442 | Orc:2    | Lost mutation: You tend to lose your temper in combat. [potion of mutation]
 17671 | D:13     | Reached skill level 10 in Armour
 17902 | D:14     | Noticed Rupert
 17936 | D:14     | Killed Rupert
 18058 | D:14     | Noticed Urug
 18070 | D:14     | Killed Urug
 18181 | D:14     | Found a gate to the Vaults.
 18302 | D:14     | Gained mutation: Your muscles are strong. (Str +2) [mutagenic meat]
 18303 | D:14     | Gained mutation: You can translocate small distances at will. [mutagenic meat]
 19169 | D:15     | Entered Level 15 of the Dungeon
 19390 | D:15     | Reached skill level 5 in Evocations
 19395 | D:15     | Gained mutation: Scrolls take you longer to read. [mutagenic meat]
 19396 | D:15     | Gained mutation: Your spells are a little harder to cast, but a little more powerful. [mutagenic meat]
 19424 | D:15     | Noticed a ghoul
 19444 | D:15     | Killed a ghoul
 19444 | D:15     | Reached XP level 15. HP: 113/151 MP: 20/20
 19457 | D:15     | Found Danoprae's Weapon Emporium.
 19911 | D:15     | Learned a level 1 spell: Apportation
 19916 | D:15     | Learned a level 4 spell: Passage of Golubria
 19919 | D:15     | Learned a level 2 spell: Blink
 19989 | D:15     | Lost mutation: You are clumsy. (Dex -2) [mutagenic meat]
 20095 | D:15     | Learned a level 3 spell: Portal Projectile
 20158 | D:15     | Found a staircase to the Depths.
 20256 | D:15     | Reached skill level 1 in Throwing
 20280 | D:15     | Lost mutation: Scrolls take you longer to read. [mutagenic meat]
 20282 | D:15     | Lost mutation: Your muscles are strong. (Str +2) [mutagenic meat]
 20611 | Orc:2    | Bought 2 potions of haste for 280 gold pieces
 20611 | Orc:2    | Bought a potion of heal wounds for 70 gold pieces
 20740 | D:9      | Bought the amulet of Cexow {+Rage rF+ Str+5} for 709 gold pieces
 21120 | Elf:1    | Entered Level 1 of the Elven Halls
 21140 | Elf:1    | Noticed Asterion
 21234 | Elf:1    | Killed Asterion
 21536 | Elf:1    | Reached skill level 15 in Fighting
 21541 | Elf:1    | Gained mutation: Armour fits poorly on your strangely shaped body. [mutagenic meat]
 21542 | Elf:1    | Gained mutation: You are dopey. (Int -2) [mutagenic meat]
 21543 | Elf:1    | Gained mutation: You are resistant to electric shocks. [mutagenic meat]
 22137 | Elf:1    | Learned a level 1 spell: Summon Butterflies
 22139 | Elf:1    | Got a distressingly furry chain mail
 22240 | Orc:2    | Identified the +0 chain mail of Ru's Favour {rElec rC++ rCorr Int-3} (You found it on level 1 of the Elven Halls)
 22329 | Elf:3    | Entered Level 3 of the Elven Halls
 22419 | Elf:2    | Reached XP level 16. HP: 167/167 MP: 22/22
 23082 | Elf:2    | Cast into level 4 of the Abyss (trident of distortion)
 23094 | Abyss:4  | Found a corrupted altar of Lugonu.
 23255 | Abyss:4  | Noticed a tentacled starspawn
 23265 | Abyss:4  | Killed a tentacled starspawn
 23297 | Abyss:4  | Noticed a lich
 23328 | Abyss:4  | Found a corrupted altar of Lugonu.
 23363 | Abyss:4  | Noticed a bone dragon
 23580 | Abyss:4  | Noticed a tentacled starspawn
 23588 | Abyss:4  | Killed a tentacled starspawn
 23588 | Abyss:4  | Reached skill level 5 in Throwing
 23603 | Abyss:4  | Noticed a tentacled starspawn
 23605 | Abyss:4  | Noticed a tentacled starspawn
 23610 | Abyss:4  | Killed a tentacled starspawn
 23618 | Abyss:4  | Killed a tentacled starspawn
 23649 | Elf:2    | Escaped the Abyss
 23984 | Lair:1   | Entered Level 1 of the Lair of Beasts
 24247 | Lair:1   | Got a twitching ruby amulet
 24251 | Lair:1   | Identified the amulet of Eshoan {Faith +Blink +Inv rPois Int+3} (You found it on level 1 of the Lair of Beasts)
 24930 | Lair:1   | Identified a scroll of acquirement {!r}
 25648 | Lair:3   | Found a staircase to the Snake Pit.
 25666 | Lair:3   | Reached skill level 1 in Translocations
 27177 | Lair:4   | Reached XP level 17. HP: 182/182 MP: 23/23
 27315 | Lair:4   | Learned a level 5 spell: Phase Shift
 27466 | Lair:5   | Learned a level 2 spell: Repel Missiles
 27572 | Lair:5   | Reached skill level 1 in Air Magic
 27578 | Lair:5   | Reached skill level 1 in Charms
 27643 | Lair:5   | Got a polished chain mail
 27669 | Lair:5   | Identified the +2 chain mail of the Salmon {MR+} (You found it on level 5 of the Lair of Beasts)
 27841 | Lair:5   | Found a staircase to the Shoals.
 28406 | Lair:6   | Found a dark tunnel.
 28413 | Volcano  | Entered a volcano
 29474 | Lair:7   | Found a staircase to the Slime Pits.
 29474 | Lair:7   | Found a viscous altar of Jiyva.
 29827 | Lair:8   | Entered Level 8 of the Lair of Beasts
 29967 | Lair:8   | Identified the Reference Book on Translocation and Creation (You found it on level 8 of the Lair of Beasts)
 30011 | Lair:8   | Reached skill level 5 in Spellcasting
 30202 | Lair:8   | Got a shimmering tin ring
 30204 | Lair:8   | Identified the ring "Caarghuxa" {*Tele rElec rF+} (You found it on level 8 of the Lair of Beasts)
 30312 | Lair:8   | Reached skill level 5 in Air Magic
 30384 | Lair:8   | Reached skill level 5 in Charms
 30698 | Lair:8   | Reached XP level 18. HP: 179/190 MP: 26/26
 32295 | Orc:2    | Bought a potion of agility for 56 gold pieces
 32554 | Elf:2    | Found a runed gate.
 32554 | Elf:2    | Found a runed gate.
 32555 | Elf:2    | Found a runed gate.
 32829 | Lair:1   | Lost mutation: You are covered in fur (AC +1). [mutagenic meat]
 34233 | Elf:2    | Noticed a deep elf blademaster
 34242 | Elf:2    | Killed a deep elf blademaster
 34571 | Elf:2    | Lost mutation: Scrolls take you a little longer to read. [mutagenic meat]
 34866 | Elf:3    | Found Jilof's Armour Emporium.
 34874 | Elf:3    | Bought a +2 pair of boots of stealth for 387 gold pieces
 35334 | Elf:3    | Got a brightly glowing ring mail
 35361 | Elf:2    | Identified the +3 ring mail "Cehitor" {rPois rN+++ Dex-5} (You found it on level 3 of the Elven Halls)
 35617 | Elf:3    | Noticed a deep elf master archer
 35749 | Elf:3    | Killed a deep elf master archer
 35823 | Elf:3    | Reached XP level 19. HP: 198/198 MP: 29/29
 36158 | Elf:3    | Gained mutation: You have a pair of small horns on your head. [helix card]
 36351 | Elf:3    | Got a translucent scale mail
 36499 | Elf:2    | Identified the +6 scale mail of the Crypt {rElec rN+++ Int-4 Dex+3} (You took it off a deep elf blademaster on level 3 of the Elven Halls)
 36603 | Elf:3    | Got a bound ivory ring
 36605 | Elf:3    | Identified the ring of Iczaeny {+Fly Dex+3 SInv} (You found it on level 3 of the Elven Halls)
 36653 | Elf:3    | Reached skill level 10 in Evocations
 36653 | Elf:3    | Reached XP level 20. HP: 207/207 MP: 30/30
 36659 | Elf:3    | Identified Sif Muna's Disquisition on the Voyage
 36687 | Elf:3    | Got a distressingly furry ring mail
 36698 | Elf:3    | Identified the cursed +0 ring mail "Tinnant" {rF- rCorr Dex-4 SInv} (You found it on level 3 of the Elven Halls)
 37070 | D:11     | Bought a wand of teleportation (0/9) for 132 gold pieces
 37070 | D:11     | Bought a wand of digging (0/24) for 88 gold pieces
 37102 | D:11     | Bought a wand of paralysis (0/24) for 22 gold pieces
 37197 | Snake:1  | Entered Level 1 of the Snake Pit
 37329 | Snake:1  | Noticed Agnes
 37342 | Snake:1  | Killed Agnes
 37595 | Snake:1  | Noticed Aizul
 37596 | Snake:1  | Noticed Nikola
 37608 | Snake:1  | Killed Aizul
 37653 | Snake:1  | Killed Nikola
 39302 | Snake:3  | Noticed Norris
 39325 | Snake:3  | Killed Norris
 39325 | Snake:3  | Reached skill level 12 in Dodging
 40008 | Snake:4  | Entered Level 4 of the Snake Pit
 40012 | Snake:4  | Reached XP level 21. HP: 214/214 MP: 31/31
 40699 | Snake:4  | Gained mutation: You are very robust (+20% HP). [mutagenic meat]
 40765 | Snake:4  | Reached skill level 15 in Armour
 40821 | Snake:4  | Gained mutation: You evolve. [mutagenic meat]
 40825 | Snake:4  | Gained mutation: Your movements are slightly less encumbered by armour (ER -2). [mutagenic meat]
 40828 | Snake:4  | Lost mutation: Armour fits poorly on your strangely shaped body. [mutagenic meat]
 40895 | Snake:4  | Got a serpentine rune of Zot
 41852 | Snake:4  | Gained mutation: You have a pair of horns on your head. [evolution]
 42149 | Lair:1   | Upgraded the game from 0.18-a0-1160-geb89fc2 to 0.18-a0-1180-g64ccc1e
 42264 | Shoals:1 | Entered Level 1 of the Shoals
 42327 | Shoals:1 | Reached skill level 16 in Armour
 42440 | Shoals:1 | Found Zocived's Jewellery Boutique.
 42572 | Shoals:1 | Bought the ring of Shaolin {EV+8} for 2048 gold pieces
 43026 | Shoals:2 | Gained mutation: Your system is resistant to poisons. [potion of beneficial mutation]
 43034 | Shoals:2 | Got a twisted ring mail
 43035 | Shoals:2 | Identified the +5 ring mail "Zoyrai" {rPois} (You found it on level 2 of the Shoals)
 43817 | Shoals:3 | Gained mutation: Your flesh is heat resistant. [potion of beneficial mutation]
 44137 | Shoals:3 | Reached skill level 21 in Axes
 44586 | Shoals:3 | Reached XP level 22. HP: 243/243 MP: 32/32
 44643 | Shoals:4 | Entered Level 4 of the Shoals
 44643 | Shoals:4 | Found Puem's Book Emporium.
 44660 | Shoals:4 | Noticed Ilsuiw
 45526 | Shoals:4 | Killed Ilsuiw
 46036 | Shoals:4 | Reached skill level 22 in Axes
 46093 | Shoals:4 | Found Paty's Distillery.
 46115 | Shoals:4 | Bought a potion of heal wounds for 90 gold pieces
 46115 | Shoals:4 | Bought a potion of agility for 72 gold pieces
 46115 | Shoals:4 | Bought a potion of heal wounds for 90 gold pieces
 46115 | Shoals:4 | Bought a potion of might for 72 gold pieces
 46115 | Shoals:4 | Bought a potion of resistance for 180 gold pieces
 46493 | Shoals:4 | Got a crude broad axe {antimagic}
 46494 | Shoals:4 | Identified the +5 broad axe "Bunky" {antimagic, rPois rN+ SInv} (You took it off a merfolk aquamancer on level 4 of the Shoals)
 46911 | Shoals:4 | Reached skill level 23 in Axes
 46939 | Shoals:4 | Got a barnacled rune of Zot
 47429 | Depths:1 | Entered Level 1 of the Depths
 47839 | Depths:1 | Reached skill level 24 in Axes
 47981 | Depths:1 | Found a gateway to Hell.
 48210 | Depths:1 | Got a slimy battleaxe
 48211 | Depths:1 | Identified the +5 battleaxe of Duty {speed, +Blink rN++ Str-4 SInv} (You found it on level 1 of the Depths)
 48476 | Depths:2 | Reached XP level 23. HP: 252/252 MP: 33/33
 48490 | Depths:2 | Reached skill level 25 in Axes
 48525 | Depths:2 | Got a translucent granite ring
 48619 | Depths:2 | Identified the ring "Lisig" {rN++ MR+ SInv} (You took it off a spriggan defender on level 2 of the Depths)
 48628 | Depths:2 | Got a pitted scale mail
 48657 | Depths:2 | Identified the +6 scale mail of Qiesaim {MR+ Dex-3 Stlth+} (You found it on level 2 of the Depths)
 48841 | Depths:2 | Reached skill level 26 in Axes
 48915 | Depths:2 | Found a gateway to a ziggurat.
 48989 | Depths:2 | Reached skill level 5 in Translocations
 49019 | Depths:2 | Lost mutation: Your system is resistant to poisons. [evolution]
 49036 | Depths:2 | Noticed a juggernaut
 49053 | Depths:2 | Killed a juggernaut
 49187 | Depths:2 | Learned a level 1 spell: Animate Skeleton
 49206 | Depths:2 | Got a heavily runed amber ring
 49208 | Depths:2 | Identified the ring "Hovoejui" {Str+4 SInv} (You took it off a spriggan berserker on level 2 of the Depths)
 49240 | Depths:2 | Noticed a caustic shrike
 49244 | Depths:2 | Paralysed by the power of Zot for 5 turns
 49574 | Depths:2 | Killed a caustic shrike
 49844 | Depths:3 | Found a one-way gate to the infinite horrors of the Abyss.
 50135 | Depths:3 | Reached XP level 24. HP: 261/261 MP: 33/33
 50205 | Depths:3 | Found a one-way gate leading to the halls of Pandemonium.
 51151 | Depths:4 | Reached skill level 10 in Throwing
 51269 | Depths:4 | Found Etwanun's Distillery.
 51764 | Depths:5 | Entered Level 5 of the Depths
 51848 | Depths:5 | Reached skill level 10 in Translocations
 51944 | Depths:5 | Noticed Margery
 51959 | Depths:5 | Killed Margery
 52093 | Depths:5 | Found a gate to the Realm of Zot.
 52353 | Depths:5 | Reached XP level 25. HP: 270/270 MP: 33/33
 52475 | Depths:5 | Found Kexirgh's Magic Scroll Shoppe.
 52888 | Depths:4 | Bought a potion of haste for 140 gold pieces
 52888 | Depths:4 | Bought a potion of heal wounds for 70 gold pieces
 52888 | Depths:4 | Bought a potion of curing for 42 gold pieces
 52888 | Depths:4 | Bought a potion of heal wounds for 70 gold pieces
 52888 | Depths:4 | Bought a potion of curing for 42 gold pieces
 52888 | Depths:4 | Bought a potion of beneficial mutation for 490 gold pieces
 52888 | Depths:4 | Gained mutation: You possess an exceptional clarity of mind. [potion of beneficial mutation]
 52929 | Depths:5 | Bought a scroll of magic mapping for 77 gold pieces
 52929 | Depths:5 | Bought 3 scrolls of teleportation for 198 gold pieces
 52929 | Depths:5 | Bought a scroll of identify for 44 gold pieces
 52929 | Depths:5 | Bought a scroll of teleportation for 66 gold pieces
 52929 | Depths:5 | Bought a scroll of teleportation for 66 gold pieces
 52929 | Depths:5 | Bought a scroll of identify for 44 gold pieces
 52929 | Depths:5 | Bought a scroll of identify for 44 gold pieces
 52929 | Depths:5 | Bought a scroll of teleportation for 66 gold pieces
 52929 | Depths:5 | Bought a scroll of fear for 77 gold pieces
 53164 | D:9      | Bought the ring of Tuavviupil {rCorr Dex+2 Slay+2} for 435 gold pieces
 53164 | D:9      | Bought a cursed ring of loudness for 49 gold pieces
 54332 | Shoals:1 | Bought an uncursed ring of protection from fire for 400 gold pieces
 54575 | Zig:1    | Entered Level 1 of a ziggurat
 54600 | Zig:2    | Entered Level 2 of a ziggurat
 54633 | Zig:3    | Entered Level 3 of a ziggurat
 54672 | Zig:4    | Entered Level 4 of a ziggurat
 54691 | Zig:4    | Got a bound glass ring
 54696 | Zig:4    | Identified the ring of the Salamander {Int+7 SInv} (You found it on level 4 of a ziggurat)
 54705 | Zig:4    | Learned a level 2 spell: Swiftness
 54714 | Zig:4    | Learned a level 2 spell: Passwall
 54716 | Zig:5    | Entered Level 5 of a ziggurat
 54760 | Zig:6    | Entered Level 6 of a ziggurat
 54843 | Zig:6    | Identified a +4 rod of shadows (11/11) (You found it on level 6 of a ziggurat)
 54847 | Zig:6    | Got a twitching bronze ring
 54849 | Zig:6    | Identified the ring "Hiketi" {*Tele Str-4 Dex+7} (You found it on level 6 of a ziggurat)
 54855 | Zig:7    | Entered Level 7 of a ziggurat
 54903 | Zig:7    | Identified Ushrimeeto's Catalogue of Dislocated Darkness
 54909 | Zig:7    | Learned a level 4 spell: Control Undead
 54977 | Zig:8    | Entered Level 8 of a ziggurat
 55017 | Zig:8    | Reached XP level 26. HP: 279/279 MP: 33/33
 55019 | Zig:8    | Got a translucent lead ring
 55021 | Zig:8    | Identified the ring "Naop" {*Tele rF+ Int+4} (You found it on level 8 of a ziggurat)
 55029 | Zig:8    | Got a faintly glowing tin ring
 55031 | Zig:8    | Identified the ring of Nis Fug {MP+9 Str+2 SInv} (You found it on level 8 of a ziggurat)
 55038 | Zig:9    | Entered Level 9 of a ziggurat
 55113 | Zig:9    | Got a heavily runed plate armour
 55114 | Zig:9    | Identified the +8 plate armour of the Invisible Hand {Int+2} (You found it on level 9 of a ziggurat)
 55117 | Zig:9    | Identified the Reference Book on Creation (You found it on level 9 of a ziggurat)
 55135 | Zig:10   | Entered Level 10 of a ziggurat
 55167 | Zig:10   | Noticed Icrynang the pandemonium lord
 55184 | Zig:10   | Killed Icrynang the pandemonium lord
 55218 | Zig:10   | Reached skill level 5 in Stealth
 55595 | Zig:10   | Learned a level 2 spell: Song of Slaying
 55599 | Zig:10   | Learned a level 3 spell: Regeneration
 55704 | Zig:11   | Entered Level 11 of a ziggurat
 55709 | Zig:11   | Noticed Hitie the pandemonium lord
 55722 | Zig:11   | Killed Hitie the pandemonium lord
 55758 | Zig:11   | Reached skill level 5 in Necromancy
 55887 | Zig:12   | Entered Level 12 of a ziggurat
 55895 | Zig:12   | Noticed a greater mummy
 55896 | Zig:12   | Noticed a greater mummy
 55896 | Zig:12   | Noticed a greater mummy
 55897 | Zig:12   | Noticed a greater mummy
 55899 | Zig:12   | Noticed a greater mummy
 55900 | Zig:12   | Killed a greater mummy
 55909 | Zig:12   | Killed a greater mummy
 55912 | Zig:12   | Killed a greater mummy
 55912 | Zig:12   | Reached XP level 27. HP: 132/287 MP: 30/33
 55913 | Zig:12   | Killed a greater mummy
 55917 | Zig:12   | Killed a greater mummy
 55917 | Zig:12   | Reached skill level 10 in Necromancy
 55928 | Zig:12   | HP: 10/288 [reaper/scythe of flaming[a greater mummy's death curse] (7)]
 56095 | Zig:13   | Entered Level 13 of a ziggurat
 56208 | Zig:13   | Got a glittering garnet amulet
 56209 | Zig:13   | Identified the amulet of Mitsisch {MPRegen rN+ Str+4} (You found it on level 13 of a ziggurat)
 56215 | Zig:14   | Entered Level 14 of a ziggurat
 56315 | Zig:14   | Got a brightly glowing golden ring
 56317 | Zig:14   | Identified the ring "Nerob" {rC+ Int+4 Dex+4} (You found it on level 14 of a ziggurat)
 56331 | Zig:14   | Identified Sif Muna's Collected Works on the Boosting Rocks (You found it on level 14 of a ziggurat)
 56347 | Zig:15   | Entered Level 15 of a ziggurat
 56369 | Zig:15   | Reached skill level 15 in Throwing
 56408 | Zig:15   | Got a crude battleaxe
 56409 | Zig:15   | Identified the +7 battleaxe "Xube" {pain, MP+9 Str+2 Stlth+} (You found it on level 15 of a ziggurat)
 56457 | Zig:16   | Entered Level 16 of a ziggurat
 56554 | Zig:16   | Identified the Almanac of Fiery Confrontation
 56558 | Zig:16   | Got a coiled amber ring
 56560 | Zig:16   | Identified the cursed ring "Ixkudyock" {AC-4 Str+2} (You found it on level 16 of a ziggurat)
 56657 | Zig:17   | Entered Level 17 of a ziggurat
 56739 | Zig:17   | Identified the Volume of Gliding Toxins
 56743 | Zig:17   | Learned a level 2 spell: Cure Poison
 56759 | Zig:17   | Identified a +2 rod of clouds (11/11) (You found it on level 17 of a ziggurat)
 56771 | Zig:17   | Got a heavily runed brass amulet
 56772 | Zig:17   | Identified the amulet "Ethrugeill" {Inacc rPois rF++ MP+9 Str-4} (You found it on level 17 of a ziggurat)
 56946 | Zig:18   | Entered Level 18 of a ziggurat
 56953 | Zig:18   | Noticed Tuelov the pandemonium lord
 56954 | Zig:18   | Noticed Ycefal the pandemonium lord
 56980 | Zig:18   | Killed Ycefal the pandemonium lord
 56989 | Zig:18   | Noticed Tankar the pandemonium lord
 57014 | Zig:18   | Killed Tankar the pandemonium lord
 57016 | Zig:18   | Noticed Idoot the pandemonium lord
 57023 | Zig:18   | Killed Idoot the pandemonium lord
 57030 | Zig:18   | Noticed Quol the pandemonium lord
 57042 | Zig:18   | Killed Tuelov the pandemonium lord
 57054 | Zig:18   | Killed Quol the pandemonium lord
 57059 | Zig:18   | Noticed Mocs the pandemonium lord
 57074 | Zig:18   | Reached skill level 5 in Poison Magic
 57083 | Zig:18   | Killed Mocs the pandemonium lord
 57103 | Zig:18   | Paralysed by you for 5 turns
 57240 | Zig:19   | Entered Level 19 of a ziggurat
 57318 | Zig:19   | Reached skill level 10 in Stealth
 57431 | Zig:19   | Got a flickering glass ring
 57433 | Zig:19   | Identified the ring "Qettul" {SustAt Str+6} (You found it on level 19 of a ziggurat)
 57446 | Zig:19   | Identified the Collected Works on Black Rituals (You found it on level 19 of a ziggurat)
 57468 | Zig:20   | Entered Level 20 of a ziggurat
 57572 | Zig:20   | Got an ancient turquoise ring
 57574 | Zig:20   | Identified the ring of Kedghe {rF+ Str+3 Int+3 Slay+2 SInv} (You found it on level 20 of a ziggurat)
 57581 | Zig:20   | Got a transparent cloak
 57582 | Zig:20   | Identified the +2 cloak of Vuethyth {Int+7} (You found it on level 20 of a ziggurat)
 57601 | Zig:20   | Got a coiled iron ring
 57603 | Zig:20   | Identified the cursed ring "Ehuife" {rPois Dex-2} (You found it on level 20 of a ziggurat)
 57727 | Zig:21   | Entered Level 21 of a ziggurat
 57741 | Zig:21   | Noticed an ancient lich
 57741 | Zig:21   | Noticed an ancient lich
 57763 | Zig:21   | Killed an ancient lich
 57772 | Zig:21   | Killed an ancient lich
 57796 | Zig:21   | Reached skill level 15 in Evocations
 57859 | Zig:21   | Got a warped tin amulet
 57860 | Zig:21   | Identified the amulet "Cedisu" {Regen+ Dex+7} (You found it on level 21 of a ziggurat)
 57863 | Zig:21   | Got a scorched ivory ring
 57865 | Zig:21   | Identified the ring "Hiw Ymups" {+Fly rPois MP+9 Int+4} (You found it on level 21 of a ziggurat)
 57912 | Zig:21   | Lost mutation: You are dopey. (Int -2) [evolution]
 58025 | Zig:22   | Entered Level 22 of a ziggurat
 58180 | Zig:22   | Got a pair of dazzling gloves
 58180 | Zig:22   | Got a steaming shadow dragon armour
 58201 | Zig:22   | Identified the +0 pair of gloves of Incorporation {+Blink rElec Slay-4} (You found it on level 22 of a ziggurat)
 58212 | Zig:22   | Identified the cursed +1 shadow dragon armour of Kikubaaqudgha's Fury {rC+ rCorr Stlth++++} (You found it on level 22 of a ziggurat)
 58254 | Zig:23   | Entered Level 23 of a ziggurat
 58436 | Zig:23   | Identified Tuteth's Primer on the Hermit's Heritage
 58440 | Zig:23   | Got a translucent ring mail
 58441 | Zig:23   | Identified the +5 ring mail "Quigacu" {MR+ Regen+ Str+2 Int-2 Stlth+} (You found it on level 23 of a ziggurat)
 58450 | Zig:23   | Got a transparent scale mail
 58451 | Zig:23   | Identified the cursed +0 scale mail "Ipriet" {+Blink rPois} (You found it on level 23 of a ziggurat)
 58455 | Zig:23   | Identified the Disquisition on the Traveller (You found it on level 23 of a ziggurat)
 58506 | Zig:24   | Entered Level 24 of a ziggurat
 58514 | Zig:24   | Noticed a greater mummy
 58516 | Zig:24   | Noticed a greater mummy
 58535 | Zig:24   | Noticed a greater mummy
 58549 | Zig:24   | Killed a greater mummy
 58551 | Zig:24   | Noticed a greater mummy
 58552 | Zig:24   | Noticed a greater mummy
 58552 | Zig:24   | Noticed a greater mummy
 58563 | Zig:24   | Noticed a greater mummy
 58565 | Zig:24   | Noticed a greater mummy
 58570 | Zig:24   | Killed a greater mummy
 58573 | Zig:24   | Killed a greater mummy
 58574 | Zig:24   | Killed a greater mummy
 58577 | Zig:24   | Killed a greater mummy
 58590 | Zig:24   | Killed a greater mummy
 58592 | Zig:24   | Killed a greater mummy
 58595 | Zig:24   | Killed a greater mummy
 58598 | Zig:24   | Noticed a greater mummy
 58606 | Zig:24   | Noticed a greater mummy
 58609 | Zig:24   | Killed a greater mummy
 58612 | Zig:24   | Killed a greater mummy
 58616 | Zig:24   | Noticed a greater mummy
 58625 | Zig:24   | Killed a greater mummy
 58852 | Zig:24   | Got a crude tin ring
 58854 | Zig:24   | Identified the ring "Ygeak" {+Blink +Fly rN+ MP-9 Str+4} (You found it on level 24 of a ziggurat)
 58865 | Zig:24   | Identified the Tome of the Glacier and Conjuration
 58868 | Zig:24   | Identified the Almanac of Beguiling
 58872 | Zig:24   | Identified the Reference Book on Dusty Displacement
 58908 | Zig:25   | Entered Level 25 of a ziggurat
 58972 | Zig:25   | Noticed Falya the pandemonium lord
 58984 | Zig:25   | Killed Falya the pandemonium lord
 59115 | Zig:25   | Identified the Catalogue of Indemnity (You found it on level 25 of a ziggurat)
 59127 | Zig:25   | Got a brightly glowing sapphire amulet
 59128 | Zig:25   | Identified the amulet "Tehob" {Faith Str+3} (You found it on level 25 of a ziggurat)
 59146 | Zig:25   | Got a fine crystal amulet
 59147 | Zig:25   | Identified the amulet of the Fifty Realms {+Rage rN+ MR+ Dex-4} (You found it on level 25 of a ziggurat)
 59176 | Zig:26   | Entered Level 26 of a ziggurat
 59289 | Zig:26   | Got a translucent platinum ring
 59291 | Zig:26   | Identified the ring of Geofyrio {Wiz rN+ Dex+2} (You found it on level 26 of a ziggurat)
 59325 | Zig:26   | Got a translucent silver ring
 59326 | Zig:26   | Identified the ring "Jeteig" {rC+ rN+ Str+4 Dex-2} (You found it on level 26 of a ziggurat)
 59334 | Zig:26   | Got a shimmering tin ring
 59335 | Zig:26   | Identified the cursed ring "Iheiseogh" {rPois rC+ Str-6} (You found it on level 26 of a ziggurat)
 59342 | Zig:26   | Got a transparent hat
 59343 | Zig:26   | Identified the +5 hat of Mumblety Peg {*Confuse rPois MP+9 Stlth+} (You found it on level 26 of a ziggurat)
 59362 | Zig:27   | Entered Level 27 of a ziggurat
 59442 | Zig:27   | Got a coiled tin amulet
 59443 | Zig:27   | Identified the amulet of Lies {Harm *Drain +Fly Int+3} (You found it on level 27 of a ziggurat)
 59447 | Zig:27   | Got a shimmering wooden ring
 59449 | Zig:27   | Identified the ring "Wodduk" {rF+ MR+ MP+9 Int-4} (You found it on level 27 of a ziggurat)
 59463 | Zig:27   | Identified Xoysm's Tome of Quantum Slavery (You found it on level 27 of a ziggurat)
 59467 | Zig:27   | Reached skill level 15 in Dodging
 59486 | Zig:27   | Identified a +0 pair of boots of running (You found it on level 27 of a ziggurat)
 59962 | Depths:1 | Upgraded the game from 0.18-a0-1180-g64ccc1e to 0.18-a0-1186-gd02dc51
 60013 | Vaults:1 | Entered Level 1 of the Vaults
 60103 | Vaults:1 | Got a warped iron ring
 60104 | Vaults:1 | Identified the ring "Ythruutu" {rCorr +Blink rF- rN+++ Dex-4} (You found it on level 1 of the Vaults)
 61129 | Vaults:1 | Found Fehadden's General Store.
 61241 | Vaults:2 | Noticed PinkishYellow's ghost (adept GrFi)
 61270 | Vaults:2 | Killed PinkishYellow's ghost
 61777 | Vaults:2 | Reached skill level 24 in Fighting
 61882 | Vaults:2 | Got an ichor-stained chain mail
 61883 | Vaults:2 | Identified the +0 chain mail of Mirth {rF++ rCorr MP-9 Int+4} (You found it on level 2 of the Vaults)
 62912 | Vaults:3 | Found a portal to a secret trove of treasure.
 62927 | Vaults:3 | You paid a toll of 6 potions of haste to enter a treasure trove
 62928 | Trove    | Entered a treasure trove
 62957 | Trove    | Got a crude crystal plate armour
 62958 | Trove    | Identified the +7 crystal plate armour "Rowiffuk" {-Tele rCorr Int-3 SInv} (You found it in a treasure trove)
 62980 | Trove    | Got an ichor-stained shield
 63125 | Vaults:3 | Got a pair of ichor-stained gloves {aux}
 63126 | Vaults:3 | Identified the cursed +0 pair of gloves of the Locust {rElec rPois Str+5, aux} (You found it on level 3 of the Vaults)
 63520 | Vaults:3 | Found a staircase to the Crypt.
 64294 | Lair:4   | Learned a level 5 spell: Silence
 64702 | Vaults:4 | Found Viliseat's Distillery.
 64710 | Vaults:4 | Bought a potion of might for 68 gold pieces
 64710 | Vaults:4 | Bought a potion of flight for 51 gold pieces
 64836 | Vaults:4 | Reached skill level 1 in Hexes
 64931 | Vaults:4 | Reached skill level 3 in Hexes
 65051 | Vaults:4 | Noticed Mara
 65067 | Vaults:4 | Killed Mara
 65067 | Vaults:4 | Reached skill level 6 in Hexes
 65190 | Vaults:4 | Noticed Mennas
 65209 | Vaults:4 | Killed Mennas
 65700 | Vaults:4 | Reached skill level 9 in Hexes
 65888 | Crypt:1  | Entered Level 1 of the Crypt
 66693 | Crypt:2  | Reached skill level 9 in Air Magic
 67133 | Crypt:3  | Entered Level 3 of the Crypt
 67317 | Crypt:3  | Found a staircase to the Tomb.
 67586 | Crypt:3  | Gained mutation: Your muscles are strong. (Str +2) [evolution]
 67688 | Crypt:3  | Reached skill level 24 in Armour
 67778 | Crypt:3  | Found a basalt altar of Yredelemnul.
 68066 | Crypt:3  | Got a vibrating pewter ring
 68067 | Crypt:3  | Identified the ring of Engiesiff {+Fly rPois rN+ MP-9 Int+4} (You took it off a skeletal warrior on level 3 of the Crypt)
 68070 | Crypt:3  | Got a crude jade ring
 68071 | Crypt:3  | Identified the ring of the Illusory Wonders {MP+9 Dex+3} (You found it on level 3 of the Crypt)
 68079 | Crypt:3  | Got a wavering granite ring
 68080 | Crypt:3  | Identified the ring of Perfectionism {rElec rC+ rN+ Dex+3} (You took it off a death knight on level 3 of the Crypt)
 68560 | Crypt:3  | Got a steaming jade amulet
 68561 | Crypt:3  | Identified the amulet of Hohith {Harm *Drain Dex+4} (You found it on level 3 of the Crypt)
 68979 | Vaults:1 | Upgraded the game from 0.18-a0-1186-gd02dc51 to 0.18-a0-1211-g828307d
 69078 | Depths:3 | Voluntarily entered the Abyss.
 69085 | Abyss:2  | Found a sparkling altar of Nemelex Xobeh.
 69130 | Abyss:2  | Found a radiant altar of Vehumet.
 69145 | Abyss:2  | Found a shimmering altar of Xom.
 69558 | Abyss:2  | Found a corrupted altar of Lugonu.
 69858 | Abyss:2  | Found a corrupted altar of Lugonu.
 69924 | Abyss:3  | Found a corrupted altar of Lugonu.
 70480 | Abyss:5  | Entered Level 5 of the Abyss
 70497 | Abyss:5  | Found a corrupted altar of Lugonu.
 70503 | Abyss:5  | Found a corrupted altar of Lugonu.
 70658 | Abyss:5  | Reached skill level 16 in Dodging
 71041 | Abyss:5  | Lost mutation: Your muscles are strong. (Str +2) [a neqoxec]
 71168 | Abyss:5  | Paralysed by accursed screaming for 1 turns
 71237 | Abyss:5  | Paralysed by accursed screaming for 1 turns
 71250 | Abyss:5  | Gained mutation: You are weak. (Str -2) [a neqoxec]
 71772 | Abyss:5  | Reached skill level 18 in Dodging
 72067 | Abyss:5  | Found a corrupted altar of Lugonu.
 72381 | Abyss:5  | Gained mutation: Armour fits poorly on your strangely shaped body. [a neqoxec]
 72509 | Abyss:5  | Got an abyssal rune of Zot
 72858 | Depths:3 | Escaped the Abyss
 72859 | Depths:3 | got deformed body T_T
 73290 | Tomb:1   | Entered Level 1 of the Tomb of the Ancients
 73324 | Tomb:1   | Got a scintillating bone ring
 73472 | Tomb:1   | Identified the ring of Dualal {rF+ Dex+3} (You found it on level 1 of the Tomb of the Ancients)
 73620 | Tomb:1   | Got a serpentine golden amulet
 73621 | Tomb:1   | Identified the amulet of the Devil's Advocate {RegenMP +Blink rF++ Str+4} (You found it on level 1 of the Tomb of the Ancients)
 73687 | Tomb:1   | Noticed a greater mummy
 73702 | Tomb:1   | Noticed a greater mummy
 73713 | Tomb:1   | Killed a greater mummy
 73713 | Tomb:1   | Killed a greater mummy
 73938 | Tomb:2   | Noticed a greater mummy
 73938 | Tomb:2   | Noticed a greater mummy
 73941 | Tomb:2   | Noticed a greater mummy
 73941 | Tomb:2   | Noticed a greater mummy
 74125 | Tomb:2   | Killed a greater mummy
 74130 | Tomb:2   | Killed a greater mummy
 74130 | Tomb:2   | Reached skill level 10 in Spellcasting
 74131 | Tomb:2   | Killed a greater mummy
 74133 | Tomb:2   | Killed a greater mummy
 75251 | Tomb:1   | Noticed a greater mummy
 75252 | Tomb:1   | Noticed a greater mummy
 75262 | Tomb:1   | Killed a greater mummy
 75266 | Tomb:1   | Killed a greater mummy
 75309 | Tomb:1   | Noticed a greater mummy
 75322 | Tomb:1   | Killed a greater mummy
 75375 | Tomb:1   | Noticed a greater mummy
 75390 | Tomb:1   | Killed a greater mummy
 75460 | Tomb:1   | Noticed a greater mummy
 75461 | Tomb:1   | Noticed a greater mummy
 75467 | Tomb:1   | Killed a greater mummy
 75475 | Tomb:1   | Killed a greater mummy
 75544 | Tomb:1   | Noticed a greater mummy
 75546 | Tomb:1   | Noticed a greater mummy
 75557 | Tomb:1   | Killed a greater mummy
 75575 | Tomb:1   | Killed a greater mummy
 75586 | Tomb:1   | Noticed a greater mummy
 75598 | Tomb:1   | Killed a greater mummy
 75648 | Tomb:1   | Noticed a greater mummy
 75648 | Tomb:1   | Noticed a greater mummy
 75660 | Tomb:1   | Killed a greater mummy
 75669 | Tomb:1   | Killed a greater mummy
 75716 | Tomb:1   | Noticed a greater mummy
 75731 | Tomb:1   | Killed a greater mummy
 75798 | Tomb:1   | Noticed a greater mummy
 75804 | Tomb:1   | Noticed a greater mummy
 75814 | Tomb:1   | Killed a greater mummy
 75817 | Tomb:1   | Killed a greater mummy
 76079 | Tomb:3   | Entered Level 3 of the Tomb of the Ancients
 76095 | Tomb:3   | Noticed a greater mummy
 76100 | Tomb:3   | Noticed a greater mummy
 76100 | Tomb:3   | Noticed an ancient lich
 76262 | Tomb:3   | Noticed an ancient lich
 76262 | Tomb:3   | Noticed a greater mummy
 76264 | Tomb:3   | Noticed a greater mummy
 76265 | Tomb:3   | Noticed a greater mummy
 76273 | Tomb:2   | Killed a greater mummy
 76274 | Tomb:2   | Killed an ancient lich
 76274 | Tomb:2   | Killed a greater mummy
 76348 | Tomb:2   | Killed a greater mummy
 76436 | Tomb:3   | Reached skill level 15 in Spellcasting
 76446 | Tomb:2   | Killed a greater mummy
 76454 | Tomb:2   | Killed an ancient lich
 76458 | Tomb:2   | Killed a greater mummy
 76507 | Tomb:3   | Noticed a greater mummy
 76529 | Tomb:3   | Killed a greater mummy
 76571 | Tomb:3   | Noticed a greater mummy
 76580 | Tomb:3   | Killed a greater mummy
 76670 | Tomb:3   | Got a golden rune of Zot
 76775 | Tomb:3   | Learned a level 5 spell: Aura of Abjuration
 76781 | Tomb:3   | Learned a level 5 spell: Summon Forest
 76808 | Tomb:3   | Identified the Volume of Beguiling (You found it on level 3 of the Tomb of the Ancients)
 76815 | Tomb:3   | Got a translucent brass amulet
 76816 | Tomb:3   | Identified the amulet "Jastyeq" {Gourm Int+6} (You found it on level 3 of the Tomb of the Ancients)
 76859 | Tomb:3   | Noticed Jory
 76872 | Tomb:3   | Killed Jory
 77068 | Tomb:3   | Upgraded the game from 0.18-a0-1211-g828307d to 0.18-a0-1225-g5d63bca
 77526 | Vaults:5 | Entered Level 5 of the Vaults
 77539 | Vaults:5 | Reached skill level 6 in Summonings
 77565 | Vaults:5 | Reached skill level 9 in Summonings
 77675 | Vaults:5 | Got an ancient gossamer ring
 77676 | Vaults:5 | Identified the ring of Sif Muna's Indignation {MP-9 Str+10 Dex+2 Stlth+} (You took it off a tengu reaver on level 5 of the Vaults)
 77681 | Vaults:5 | strong man need much ring
 77831 | Vaults:5 | Got a fine silver ring
 77832 | Vaults:5 | Identified the ring of Zeuh {-Tele MR+++ EV+4} (You took it off a yaktaur captain on level 5 of the Vaults)
 77844 | Vaults:5 | Noticed an ancient lich
 77852 | Vaults:5 | Killed an ancient lich
 77852 | Vaults:5 | Reached skill level 12 in Summonings
 78003 | Vaults:5 | Noticed an ancient lich
 78019 | Vaults:5 | Killed an ancient lich
 78049 | Vaults:5 | Got a fine diamond amulet
 78160 | Vaults:5 | Identified the amulet "Cedghygu" {Gourm rElec rPois Dex-5 Slay+5 Stlth+} (You found it on level 5 of the Vaults)
 78380 | Vaults:5 | Got a silver rune of Zot
 78529 | Vaults:5 | Got a scorched crystal amulet
 78530 | Vaults:5 | Identified the amulet "Tiwneihu" {+Rage +Fly rF+} (You found it on level 5 of the Vaults)
 79403 | Slime:1  | Entered Level 1 of the Pits of Slime
 79423 | Slime:1  | Reached skill level 21 in Dodging
 79526 | Slime:3  | Noticed Dissolution
 79531 | Slime:3  | Killed Dissolution
 79835 | Slime:6  | Entered Level 6 of the Pits of Slime
 79841 | Slime:6  | Noticed yogakurto's ghost (adept GrGl)
 79854 | Slime:6  | Killed yogakurto's ghost
 79859 | Slime:6  | Noticed 4thArraOfDagon's ghost (adept OgAr)
 79866 | Slime:6  | Killed 4thArraOfDagon's ghost
 79892 | Slime:6  | Found a viscous altar of Jiyva.
 79896 | Slime:6  | Noticed the Royal Jelly
 79914 | Slime:6  | Killed the Royal Jelly
 80030 | Slime:6  | Identified the Guide on the Ghastly Frostbite
 80060 | Slime:6  | Got an ichor-stained cloak {aux}
 80061 | Slime:6  | Identified the +0 cloak of the Nexus {*Contam Str+6, aux} (You found it on level 6 of the Pits of Slime)
 80070 | Slime:6  | Got a slimy rune of Zot
 80876 | Pan      | Entered Pandemonium
 80955 | Pan      | Noticed Zynylap the pandemonium lord
 80959 | Pan      | Killed Zynylap the pandemonium lord
 80993 | Pan      | Got a demonic rune of Zot
 81384 | Pan      | Noticed Mipyocwa the pandemonium lord
 81403 | Pan      | Killed Mipyocwa the pandemonium lord
 81808 | Pan      | Entered the realm of Gloorx Vloq.
 81979 | Pan      | Found an exit through the horrors of the Abyss.
 82138 | Pan      | Noticed Gloorx Vloq
 82162 | Pan      | Killed Gloorx Vloq
 82185 | Pan      | Got a dark rune of Zot
 82341 | Pan      | Reached skill level 22 in Throwing
 82721 | Pan      | Noticed Kusofiog the pandemonium lord
 82730 | Pan      | Killed Kusofiog the pandemonium lord
 82814 | Pan      | Found an exit through the horrors of the Abyss.
 82940 | Pan      | Noticed Zienookk the pandemonium lord
 82963 | Pan      | Killed Zienookk the pandemonium lord
 83241 | Pan      | Noticed Xiyfiy the pandemonium lord
 83254 | Pan      | Killed Xiyfiy the pandemonium lord
 83500 | Pan      | Found an exit through the horrors of the Abyss.
 83535 | Pan      | Found an exit through the horrors of the Abyss.
 83545 | Pan      | Entered the realm of Lom Lobon.
 83792 | Pan      | Noticed Lom Lobon
 83795 | Pan      | Banished Lom Lobon
 83823 | Pan      | Got a magical rune of Zot
 83828 | Pan      | lol
 83829 | Pan      | Hired Ollunael the minotaur for 1068 gold.
 83831 | Pan      | Lost mutation: Armour fits poorly on your strangely shaped body. [helix card]
 83831 | Pan      | Lost mutation: You are very robust (+20% HP). [helix card]
 83837 | Pan      | Got a pair of scorched gloves
 83838 | Pan      | Identified the +0 pair of gloves "Fassieg" {rN+ Dex+5} (You acquired it in Pandemonium)
 83968 | Pan      | Your ally Ollunael died
 84139 | Pan      | Noticed Coatal the pandemonium lord
 84152 | Pan      | Killed Coatal the pandemonium lord
 84199 | Depths:3 | Escaped Pandemonium
 84201 | Pan      | Entered Pandemonium
 84214 | Pan      | Entered the realm of Mnoleg.
 84293 | Pan      | Gained mutation: You occasionally shout uncontrollably at your foes. [a cacodemon]
 84332 | Pan      | Noticed Mnoleg
 84345 | Pan      | Killed Mnoleg
 84509 | Pan      | Got a glowing rune of Zot
 84534 | Pan      | Found an exit through the horrors of the Abyss.
 84625 | Pan      | Noticed Arulyiff the pandemonium lord
 84638 | Pan      | Killed Arulyiff the pandemonium lord
 84674 | Pan      | Found an exit through the horrors of the Abyss.
 84778 | Depths:3 | Escaped Pandemonium
 84780 | Pan      | Entered Pandemonium
 84921 | Pan      | Noticed Douk the pandemonium lord
 84932 | Pan      | Killed Douk the pandemonium lord
 85151 | Pan      | Gained mutation: You have a somewhat thin skeletal structure (Dex +2, Stealth). [potion of beneficial mutation]
 85152 | Pan      | Gained mutation: Your spells are harder to cast, but more powerful. [potion of beneficial mutation]
 85212 | Pan      | Noticed Ije Kenwueh the pandemonium lord
 85226 | Depths:3 | Escaped Pandemonium
 85228 | Pan      | Entered Pandemonium
 85274 | Pan      | Found an exit through the horrors of the Abyss.
 85406 | Pan      | Noticed Hizuip the pandemonium lord
 85423 | Pan      | Killed Hizuip the pandemonium lord
 85537 | Pan      | Found an exit through the horrors of the Abyss.
 85642 | Pan      | Noticed Sest the pandemonium lord
 85651 | Pan      | Killed Sest the pandemonium lord
 85799 | Pan      | Got a pair of fine gloves
 85800 | Pan      | Identified the +0 pair of gloves of Naetuxku {*Contam rF++ Int+5} (You acquired it in Pandemonium)
 86171 | Pan      | Noticed a seraph
 86188 | Pan      | Killed a seraph
 86234 | Pan      | Found a glowing golden altar of the Shining One.
 86246 | Depths:3 | Escaped Pandemonium
 86248 | Pan      | Entered Pandemonium
 86248 | Pan      | Found an exit through the horrors of the Abyss.
 86271 | Pan      | Entered the realm of Cerebov.
 86276 | Pan      | Reached skill level 27 in Throwing
 86287 | Pan      | Found an exit through the horrors of the Abyss.
 86464 | Pan      | Noticed Cerebov
 86488 | Pan      | Killed Cerebov
 86488 | Pan      | Reached skill level 27 in Fighting
 86496 | Pan      | Identified the Grimoire of Spatial Summoning
 86528 | Pan      | Got a transparent brass ring
 86530 | Pan      | Identified the ring "Hero's Friend" {rElec SInv} (You found it in Pandemonium)
 86533 | Pan      | Got a smoking chain mail
 86534 | Pan      | Identified the +2 chain mail of Leaves {rN+ Regen+ Str+4} (You found it in Pandemonium)
 86562 | Pan      | Identified the Papyrus of the Snowflakes
 86566 | Pan      | Identified the Tome of Hurtful Lightness
 86582 | Pan      | Got a fiery rune of Zot
 86615 | Pan      | Took an exit into the Abyss.
 86615 | Abyss:1  | Escaped into the Abyss
 86617 | Abyss:1  | Found a corrupted altar of Lugonu.
 86620 | Depths:3 | Escaped the Abyss
 86621 | Depths:3 | Upgraded the game from 0.18-a0-1225-g5d63bca to 0.18-a0-1229-ge9a1a01
 86702 | Hell     | Entered the Vestibule of Hell
 86702 | Hell     | Noticed Geryon
 86714 | Hell     | Killed Geryon
 86827 | Hell     | Noticed an ancient lich
 86890 | Hell     | Killed an ancient lich
 86896 | Hell     | Found a gateway to the decaying netherworld of Tartarus.
 86905 | Tar:1    | Entered Level 1 of Tartarus
 87441 | Tar:7    | Entered Level 7 of Tartarus
 87512 | Tar:7    | Noticed an ancient lich
 87515 | Tar:7    | HP: 58/300 [??? (33)]
 87530 | Tar:7    | Killed an ancient lich
 87621 | Tar:7    | Noticed Ereshkigal
 87676 | Tar:7    | Killed Ereshkigal
 87720 | Tar:7    | Got a bone rune of Zot
 87797 | Tar:7    | Noticed an ancient lich
 87809 | Tar:7    | Noticed an ancient lich
 87809 | Tar:7    | Killed an ancient lich
 87818 | Tar:7    | Killed an ancient lich
 87933 | Hell     | Found a gateway to the Iron City of Dis.
 87942 | Dis:1    | Entered Level 1 of the Iron City of Dis
 87975 | Dis:2    | Reached skill level 27 in Armour
 88042 | Dis:4    | Lost mutation: Your flesh is heat resistant. [evolution]
 88042 | Dis:4    | Lost mutation: You evolve. [end of evolution]
 88049 | Dis:4    | aww
 88461 | Dis:6    | Reached skill level 24 in Dodging
 88505 | Dis:7    | Entered Level 7 of the Iron City of Dis
 88527 | Dis:7    | Noticed an iron giant
 88540 | Dis:7    | Killed an iron giant
 88640 | Dis:7    | Noticed an iron giant
 88658 | Dis:7    | Killed an iron giant
 88849 | Dis:7    | Noticed the Serpent of Hell
 88881 | Dis:7    | Killed the Serpent of Hell
 88945 | Dis:7    | Noticed an iron giant
 88965 | Dis:7    | Killed an iron giant
 89095 | Dis:7    | Noticed Dispater
 89126 | Dis:7    | Killed Dispater
 89152 | Dis:7    | Identified the Grimoire of Displacement and Talismans (You found it on level 7 of the Iron City of Dis)
 89183 | Dis:7    | Got an iron rune of Zot
 89323 | Hell     | Upgraded the game from 0.18-a0-1229-ge9a1a01 to 0.18-a0-1267-gff090c1
 89402 | Hell     | Found a gateway to the ashen valley of Gehenna.
 89420 | Geh:1    | Entered Level 1 of Gehenna
 90034 | Geh:7    | Entered Level 7 of Gehenna
 90077 | Geh:7    | Reached skill level 8 in Invocations
 90310 | Geh:7    | Noticed Asmodeus
 90334 | Geh:7    | Killed Asmodeus
 90334 | Geh:7    | Reached skill level 10 in Invocations
 90374 | Geh:7    | Got an obsidian rune of Zot
 90398 | Geh:7    | Got a twisted rapier
 90501 | Hell     | Found a gateway to the freezing wastes of Cocytus.
 90539 | Coc:1    | Entered Level 1 of Cocytus
 91220 | Coc:3    | Reached skill level 18 in Evocations
 91507 | Coc:7    | Entered Level 7 of Cocytus
 91845 | Coc:7    | Reached skill level 20 in Evocations
 92029 | Coc:7    | Noticed Antaeus
 92059 | Coc:7    | Killed Antaeus
 92073 | Coc:7    | Got an icy rune of Zot
 92232 | Zot:1    | Entered Level 1 of the Realm of Zot
 92277 | Zot:1    | Noticed an orb of fire
 92280 | Zot:1    | Lost mutation: Your spells are harder to cast, but more powerful. [an orb of fire]
 92284 | Zot:1    | Gained mutation: You tend to lose your temper in combat. [an orb of fire]
 92287 | Zot:1    | Gained mutation: You often lose your temper in combat. [an orb of fire]
 92293 | Zot:1    | Killed an orb of fire
 93017 | Zot:4    | Reached skill level 22 in Evocations
 93134 | Zot:5    | Entered Level 5 of the Realm of Zot
 93238 | Zot:5    | Got a twisted arbalest
 93483 | Zot:5    | Noticed an ancient lich
 93502 | Zot:5    | Killed an ancient lich
 93597 | Zot:5    | Noticed an orb of fire
 93597 | Zot:5    | Noticed an ancient lich
 93602 | Zot:5    | Gained mutation: Your magical capacity is low (-10% MP). [an orb of fire]
 93613 | Zot:5    | Killed an orb of fire
 93620 | Zot:5    | Killed an ancient lich
 93640 | Zot:5    | Reached skill level 24 in Evocations
 93668 | Zot:5    | Got the Orb of Zot
 93867 | Depths:5 | Noticed Pankumn the pandemonium lord
 93935 | D:15     | Noticed Fotiocik the pandemonium lord
 93946 | D:15     | Killed Fotiocik the pandemonium lord
 94288 | D:$      | Escaped with the Orb!

Vanquished Creatures
  Cerebov (Pan)
  Antaeus (Coc:7)
  Asmodeus (Geh:7)
  the Royal Jelly (Slime:6)
  Dissolution (Slime:3)
  Ereshkigal (Tar:7)
  Gloorx Vloq (Pan)
  the Serpent of Hell (Dis:7)
  A seraph (Pan)
  Dispater (Dis:7)
  2 orbs of fire
  Mennas (Vaults:4)
  12 ancient liches
  Mara (Vaults:4)
  41 greater mummies
  A juggernaut (Depths:2)
  17 shard shrikes
  Margery (Depths:5)
  Saint Roka (Orc:2)
  3 iron giants (Dis:7)
  Norris (Snake:3)
  13 Killer Klowns
  Geryon (Hell)
  A curse toe (Zot:4)
  Jory (Tomb:3)
  3 caustic shrikes
  6 golden dragons
  15 bone dragons
  3 profane servitors
  Nikola (Snake:1)
  3 hellephants
  19 pandemonium lords
  3 electric golems (Zot:5)
  A doom hound (Tar:2)
  12 Brimstone Fiends
  The ghost of PinkishYellow the Shatterer, an adept GrFi of Okawaru (Vaults:2)
  10 Hell Sentinels
  Asterion (Elf:1)
  39 Ice Fiends
  Rupert (D:14)
  14 tentacled monstrosities
  14 liches
  The ghost of 4thArraOfDagon the Bludgeoner, an adept OgAr of Makhleb (Slime:6)
  21 Orb Guardians
  2 deep elf master archers (Elf:3)
  2 shard shrike skeletons (Crypt:2)
  13 Shadow Fiends
  2 quicksilver dragons
  4 deep elf blademasters
  3 titans (Vaults:5)
  3 quicksilver dragons (shapeshifter) (Zig:18)
  17 acid blobs
  6 ancient champions
  A kraken (Shoals:4)
  A sphinx (shapeshifter) (Zig:11)
  2 eldritch tentacles
  A death cob (Zot:1)
  39 Executioners
  24 tentacled starspawn
  3 sphinxes
  Agnes (Snake:1)
  The ghost of yogakurto the Peltast, an adept GrGl of Cheibriados (Slime:6)
  9 tengu reavers
  7 revenants
  7 storm dragons
  12 shadow dragons
  16 azure jellies
  10 greater nagas (Snake:4)
  15 vault wardens
  Donald (D:12)
  8 deep elf sorcerers
  3 draconian monks
  5 blood saints
  7 iron dragons
  6 draconian knights
  Maud (Orc:1)
  12 frost giants
  8 caustic shrike zombies
  12 fire giants
  5 ghost moths
  5 draconian scorchers
  33 balrugs
  12 warmongers
  2 draconian shifters
  11 orc warlords
  5 draconian zealots
  3 juggernaut zombies
  9 curse skulls
  23 cacodemons
  4 angels (Pan)
  10 ironheart preservers
  7 draconian annihilators
  3 deep elf elementalists
  7 war gargoyles
  A juggernaut skeleton (Zig:26)
  Aizul (Snake:1)
  44 reapers
  4 spriggan defenders
  18 very ugly things
  13 ghouls
  3 draconian callers
  3 caustic shrike skeletons
  15 vampire knights
  42 stone giants
  8 ophanim
  5 elemental wellsprings
  4 apis (Pan)
  A green draconian (Abyss:5)
  An apis (shapeshifter) (Zig:18)
  7 deep elf demonologists
  10 salamander stormcallers
  6 corrupters
  7 chaos champions
  21 lorocyprocas
  14 bennus
  7 dire elephants (Zig:27)
  A mottled draconian (Zot:5)
  2 red draconians
  6 black suns
  4 spark wasps (Depths:1)
  4 white draconians
  4 black draconians
  12 deep elf annihilators
  11 merfolk javelineers
  22 ettins
  15 green deaths
  5 yellow draconians
  48 blizzard demons
  An ettin (shapeshifter) (Zig:18)
  35 mummy priests
  5 merfolk impalers
  10 deep elf death magi
  5 deep elf high priests
  11 quicksilver dragon zombies
  13 fire dragons
  35 vault guards
  7 death oozes
  9 eidola
  20 yaktaur captains
  10 rakshasas
  9 entropy weavers
  2 kraken zombies
  32 ice dragons
  25 jiangshi
  The ghost of YrmMerkstave the Basher, a journeyman MiFi of Makhleb (Orc:2)
  Fannar (D:10)
  15 great orbs of eyes
  16 hydras
  5 quicksilver dragon skeletons
  9 naga warriors
  10 monstrous demonspawn (Pan)
  6 hell beasts
  9 catoblepae
  3 iron giant zombies
  4 spriggan air magi
  20 anacondas
  4 alligator snapping turtles (Shoals:4)
  2 merfolk avatars
  7 merfolk aquamancers (Shoals:4)
  9 death yaks
  14 centaur warriors
  An alligator snapping turtle (shapeshifter) (Zig:11)
  35 dancing weapons
  An alligator (shapeshifter) (Depths:2)
  15 ogre magi
  8 death knights
  12 deep troll earth magi
  10 deep troll shamans
  33 thrashing horrors
  5 titan zombies
  The ghost of st0uf the Nimble, a novice DrBe of Xom (D:8)
  2 satyrs (Shoals:4)
  3 tengu warriors
  18 vampire magi
  11 shock serpents
  24 hell hogs
  6 spriggan berserkers
  7 naga sharpshooters
  8 titan skeletons
  A spectral storm dragon (Coc:1)
  18 hell knights
  A hell hog (shapeshifter) (Depths:3)
  4 storm dragon zombies
  8 orc high priests
  2 iron golems
  Nergalle (D:10)
  27 wretched stars
  29 small abominations
  50 sun demons
  30 deep elf knights
  9 cherubim (Pan)
  An iron troll (shapeshifter) (Zig:18)
  30 soul eaters
  8 iron trolls
  A fire crab (shapeshifter) (Abyss:5)
  4 storm dragon skeletons
  88 skeletal warriors
  6 salamander mystics
  11 shadow wraiths
  3 ghost moth zombies
  20 flayed ghosts
  19 death scarabs
  8 anaconda zombies
  14 spatial maelstroms
  10 naga ritualists
  18 shadow demons
  2 unseen horrors (shapeshifter)
  12 gelid demonspawn (Pan)
  10 sea snakes
  36 deep trolls
  3 unseen horrors
  5 golden dragon zombies
  A swamp dragon (shapeshifter) (Zig:11)
  3 fire crabs
  3 infernal demonspawn
  12 giant orange brains
  7 putrid demonspawn (Pan)
  8 torturous demonspawn (Pan)
  2 sphinx zombies
  A lindwurm (Lair:5)
  40 anubis guards
  3 tengu zombies
  9 harpies
  The ghost of YrmMerkstave the Shield-Bearer, a novice MiFi (D:6)
  6 hill giants
  9 shadow dragon zombies
  5 anaconda skeletons
  11 ironbrand convokers
  A hill giant (shapeshifter) (Zig:11)
  14 wizards
  2 lindwurms (shapeshifter)
  25 deep elf archers
  12 necromancers
  16 orc knights
  37 phantasmal warriors
  3 orb spiders
  11 wolf spiders
  6 frost giant zombies
  10 orc sorcerers
  9 mana vipers
  4 fire giant zombies
  6 oklob plants (Lair:6)
  A mana viper (shapeshifter) (Depths:2)
  9 wolf spider zombies
  78 deep elf magi
  9 shining eyes
  16 griffons
  14 manticores
  27 salamanders
  5 golden dragon skeletons
  51 ugly things
  9 cyclopes
  11 iron dragon zombies
  A cyclops (shapeshifter) (Depths:2)
  A hornet (shapeshifter) (Depths:1)
  A manticore (shapeshifter) (Elf:2)
  A tengu skeleton (Zig:24)
  4 hornets
  An iron giant simulacrum (Zig:15)
  A salamander (shapeshifter) (Abyss:3)
  13 fauns
  15 moths of wrath
  6 water nymphs
  5 shadow dragon skeletons
  4 worldbinders
  A moth of wrath (shapeshifter) (Vaults:5)
  2 iron dragon skeletons
  An elephant (shapeshifter) (Zig:18)
  39 black mambas
  4 fire giant skeletons
  27 sixfirhies
  20 elephants
  A shining eye (shapeshifter) (Zig:18)
  5 stone giant zombies
  2 eyes of devastation (shapeshifter)
  18 apocalypse crabs
  A shock serpent zombie (Crypt:3)
  A torpor snail (shapeshifter) (Vaults:5)
  3 centaur zombies (D:15)
  2 dire elephant zombies
  17 guardian serpents
  20 naga magi
  A black mamba (shapeshifter) (Depths:2)
  24 rust devils
  6 spriggan zombies
  13 molten gargoyles (Geh:7)
  2 torpor snails
  9 sirens
  59 smoke demons
  4 stone giant skeletons
  2 frost giant skeletons
  13 vault sentinels
  3 ice statues
  4 gargoyles
  18 orange demons
  4 eyes of devastation
  A dire elephant skeleton (Pan)
  25 hellions
  16 spiny frogs
  2 spiny frogs (shapeshifter)
  A storm dragon simulacrum (Coc:1)
  A kobold demonologist (Vaults:3)
  14 komodo dragons
  29 yaktaurs
  9 efreet
  16 fire drakes
  14 demonic crawlers
  6 tengu conjurers
  41 tormentors
  A redback zombie (D:15)
  11 elf skeletons
  3 anaconda simulacra
  40 freezing wraiths
  28 hellwings
  39 ice devils
  59 guardian mummies
  A silent spectre (Zig:8)
  41 merfolk
  A jumping spider (shapeshifter) (Zig:4)
  17 trolls
  3 harpy zombies
  40 red devils
  7 jumping spiders
  A tengu simulacrum (Zig:15)
  A death drake zombie (Crypt:2)
  3 trolls (shapeshifter)
  14 polar bears
  A two-headed ogre (shapeshifter) (Depths:2)
  A wolf spider simulacrum (D:15)
  21 ancient zymes
  7 hydra skeletons
  14 hydra zombies
  A polar bear (shapeshifter) (Vaults:4)
  2 wind drakes (shapeshifter)
  3 wind drakes
  9 elf zombies
  2 harpy skeletons
  A shadow dragon simulacrum (Zig:19)
  23 two-headed ogres
  2 ice dragon zombies
  4 fire dragon zombies
  2 bog bodies
  9 boulder beetles
  21 ushabtiu
  A minotaur skeleton (Volcano)
  5 ettin zombies
  A tarantella zombie (Crypt:1)
  A fire giant simulacrum (Abyss:5)
  51 raiju
  104 slime creatures
  35 blink frogs
  6 alligator zombies
  A satyr zombie (Crypt:2)
  A fire dragon skeleton (Tar:7)
  5 air elementals
  2 human simulacra
  25 shadows
  96 flying skulls
  33 ynoxinuls
  4 snapping turtles
  3 black mamba zombies
  4 ettin skeletons
  A redback (shapeshifter) (Zig:11)
  14 water elementals
  An ice dragon skeleton (Coc:2)
  15 redbacks
  A human (shapeshifter) (Vaults:3)
  2 alligator skeletons
  A dire elephant simulacrum (Crypt:2)
  2 elf simulacra (Zig:19)
  6 tarantellas
  2 tarantellas (shapeshifter)
  7 wyverns
  33 hippogriffs
  8 spriggans
  5 vampires (Volcano)
  A black mamba skeleton (Geh:1)
  36 wraiths
  17 fire elementals
  71 yaks
  A basilisk (shapeshifter) (Depths:2)
  A yak (shapeshifter) (Vaults:2)
  8 hungry ghosts
  20 chaos spawn
  12 basilisks
  29 neqoxecs
  10 golden eyes
  4 steam dragons
  2 hill giant skeletons (Volcano)
  108 large abominations
  Menkaure (D:7)
  4 mottled dragons
  A hippogriff (shapeshifter) (Abyss:5)
  20 vampire mosquitoes
  17 wolves
  16 wargs
  A soldier ant (shapeshifter) (Elf:2)
  46 nagas
  18 spatial vortices
  2 insubstantial wisps (Abyss:4)
  Edmund (D:4)
  2 merfolk zombies
  A swamp worm (shapeshifter) (Vaults:5)
  A glowing shapeshifter zombie (Crypt:1)
  23 hell hounds
  38 water moccasins
  An infernal demonspawn skeleton (Tar:4)
  3 hydra simulacra
  13 porcupines
  A hell hound (shapeshifter) (Vaults:4)
  A swamp drake (Lair:8)
  2 merfolk skeletons (Volcano)
  A sky beast (shapeshifter) (Depths:1)
  9 spiny frog zombies
  2 manticore zombies
  5 spiny frog skeletons
  49 orc warriors
  30 ice beasts
  4 snapping turtle zombies
  7 wasps
  2 eyes of draining (shapeshifter) (Depths:1)
  7 phantoms
  12 black bears (Lair:8)
  22 necrophages
  5 sky beasts
  An alligator simulacrum (Coc:1)
  A fire dragon simulacrum (Abyss:4)
  9 eyes of draining
  8 boggarts
  58 ogres
  An ettin simulacrum (Vaults:5)
  2 snapping turtle skeletons
  A swamp dragon zombie (Dis:7)
  37 crocodiles
  A swamp dragon skeleton (Crypt:1)
  22 centaurs
  4 manticore skeletons
  A big kobold (shapeshifter) (Vaults:5)
  3 big kobolds
  18 giant frogs
  2 glowing shapeshifter simulacra
  A yaktaur skeleton (Crypt:2)
  7 earth elementals
  A wyvern zombie (D:14)
  A troll zombie (Geh:4)
  11 wyvern skeletons
  3 scorpions
  8 killer bees
  A snapping turtle simulacrum (Abyss:4)
  36 wights
  2 troll skeletons (Volcano)
  An electric eel (Lair:7)
  2 spriggan skeletons
  6 lava snakes (Snake:2)
  59 starcursed masses
  A wasp zombie (D:13)
  A giant frog zombie (D:8)
  22 hounds
  2 quasits
  24 crimson imps
  3 human zombies
  46 jellies
  23 orc priests
  Crazy Yiuf (D:6)
  9 centaur skeletons
  A giant frog skeleton (D:12)
  20 iron imps
  35 orc wizards
  2 two-headed ogre skeletons (Volcano)
  7 iguanas
  Natasha (thrice) (D:4)
  2 human skeletons
  A lightning spire (Zig:14)
  7 hell rats (Lair:5)
  11 worker ants
  13 sheep
  An ogre zombie (Crypt:3)
  An ogre skeleton (Volcano)
  A deep dwarf skeleton (Crypt:1)
  3 hound zombies
  96 mummies
  A hound skeleton (D:10)
  2 worker ant zombies
  An adder (shapeshifter) (Zig:18)
  11 adders
  45 river rats
  A scorpion zombie (Crypt:2)
  13 shadow imps
  35 white imps
  2 giant eyeballs (Pan)
  An ufetubus (Abyss:4)
  3 oozes
  An adder zombie (D:6)
  An adder skeleton (D:4)
  2 worms
  3 giant geckos
  91 orcs
  6 bats
  5 giant cockroaches
  4 goblins
  11 hobgoblins
  18 jackals
  14 kobolds
  6 quokkas
  2 ball pythons
  A giant gecko skeleton (D:4)
  11 giant newts
  A goblin zombie (Crypt:2)
  A kobold skeleton (Coc:1)
  2 kobold zombies
  An orc skeleton (Pan)
  An orc zombie (Crypt:3)
  A quokka skeleton (Crypt:2)
  A quokka zombie (D:6)
  3 rats
  A butterfly (Lair:8)
  A fire vortex (Vaults:2)
  6 fungi
  2 lost souls
  22 plants
  26 starspawn tentacles
  A starspawn tentacle segment (Abyss:4)
  3 tentacles
  A tentacle segment (Coc:6)
  4 withered plants (Crypt:3)
5771 creatures vanquished.

Vanquished Creatures (collateral kills)
  Mnoleg (Pan)
  A pandemonium lord (D:15)
  2 greater mummies
  A Killer Klown (Zot:5)
  A Brimstone Fiend (Pan)
  A lich (Abyss:5)
  A tentacled starspawn (Abyss:4)
  4 sphinxes (Tomb:1)
  A deep elf elementalist (Elf:3)
  A very ugly thing (Vaults:5)
  2 green deaths
  2 deep elf death magi (Elf:3)
  2 mummy priests (Tomb:2)
  Josephine (Orc:2)
  A blizzard demon (Zig:20)
  3 hydras
  2 dancing weapons (Elf:2)
  A death knight (D:12)
  A tengu warrior (Depths:3)
  A shock serpent (shapeshifter) (Vaults:5)
  Urug (D:14)
  2 large abominations (Abyss:5)
  2 wretched stars (Abyss:4)
  7 death scarabs
  A deep elf archer (Elf:1)
  A gelid demonspawn (Pan)
  A shining eye (Pan)
  4 deep elf magi
  A wolf spider zombie (D:15)
  A wizard (Depths:3)
  A cyclops (D:15)
  2 centaur zombies (D:15)
  2 sixfirhies (Pan)
  A centaur skeleton (D:14)
  2 guardian mummies
  2 slime creatures (D:12)
  2 blink frogs (Lair:6)
  A raiju (Abyss:5)
  An ushabti (Tomb:3)
  Sigmund (D:4)
  4 ynoxinuls
  3 starcursed masses (Abyss:5)
  A shadow (D:14)
  A wraith (Orc:2)
  A yak (D:12)
  A chaos spawn (Pan)
  2 golden eyes (Pan)
  6 neqoxecs
  An insubstantial wisp (Abyss:4)
  A water moccasin (D:5)
  An eye of draining (Slime:6)
  4 ogres
  A small abomination (Abyss:4)
  A crocodile (Lair:6)
  A killer bee (D:8)
  3 wights (D:7)
  A crimson imp (D:6)
  A hound (D:4)
  2 jellies
  A giant frog zombie (D:5)
  2 giant frog skeletons
  An orc priest (D:4)
  4 orc wizards (Orc:2)
  A hound zombie (D:5)
  A hound skeleton (D:12)
  3 mummies
  2 adders
  3 white imps (Zig:20)
  7 orcs
  A hobgoblin (D:1)
  2 jackals
  A bat (D:1)
  A giant newt (D:1)
  A rat (D:1)
133 creatures vanquished.

Vanquished Creatures (others)
  A shard shrike (Zig:19)
  2 eldritch tentacles
  An ancient champion (Tomb:2)
  A tengu reaver (Vaults:4)
  Ilsuiw (Shoals:4)
  2 fire giants
  A deep elf elementalist (Elf:3)
  A warmonger (Zig:25)
  A reaper (Zig:21)
  2 elemental wellsprings (Coc:7)
  A war gargoyle (Zig:23)
  2 bennus
  A merfolk javelineer (Shoals:4)
  2 deep elf death magi (Zig:21)
  A jiangshi (Crypt:2)
  A green death (Pan)
  A minotaur (Pan)
  A rakshasa (Abyss:5)
  A satyr (Shoals:4)
  2 hell hogs (Geh:7)
  A storm dragon zombie (Geh:1)
  2 deep elf knights
  A titan skeleton (Tomb:2)
  An iron troll (Zig:17)
  A deep troll (Vaults:5)
  A putrid demonspawn (Pan)
  An ironbrand convoker (Vaults:5)
  2 deep elf magi (Zig:14)
  2 orc sorcerers (Zig:17)
  A vault sentinel (Vaults:5)
  A frost giant skeleton (Geh:1)
  A guardian serpent (Snake:4)
  A rust devil (Zig:23)
  A yaktaur (Vaults:5)
  A kobold demonologist (Vaults:3)
  A demonic crawler (Pan)
  A hellwing (Zig:25)
  3 merfolk (Shoals:4)
  2 freezing wraiths (Zig:26)
  A red devil (Pan)
  A raiju (Zig:16)
  13 flying skulls
  A yak (Zig:5)
  A golden eye (shapeshifter) (Depths:4)
  A chaos spawn (Pan)
  A wolf (Zig:5)
  A neqoxec (Abyss:5)
  An orc warrior (Zig:17)
  A boggart (Depths:3)
  2 wights (Geh:1)
  3 mummies (Tomb:2)
  2 white imps
  3 orcs
  A bush (Lair:5)
  189 eldritch tentacle segments
  2 fire vortices
  A fulminant prism (Pan)
  14 fungi
  17 lost souls
  A lurking horror (Abyss:4)
  13 plants
  133 snaplasher vine segments (Slime:6)
  35 starspawn tentacles
  604 starspawn tentacle segments
  34 tentacles
  320 tentacle segments
  3 withered plants (Crypt:3)
1450 creatures vanquished.

Grand Total: 7354 creatures vanquished

Action                   |  1- 3 |  4- 6 |  7- 9 | 10-12 | 13-15 | 16-18 | 19-21 | 22-24 | 25-27 || total
-------------------------+-------+-------+-------+-------+-------+-------+-------+-------+-------++-------
Melee: Dagger            |    96 |    74 |    20 |    14 |       |       |       |       |       ||   204
       Unarmed           |     6 |       |       |       |       |       |       |       |       ||     6
       Hand axe          |       |     7 |   238 |       |       |       |       |       |       ||   245
       Battleaxe         |       |       |   106 |   503 |   913 |  1587 |  1013 |   339 |       ||  4461
       Great mace        |       |       |       |       |    10 |       |       |       |       ||    10
       Demon whip        |       |       |       |       |       |    33 |       |       |       ||    33
       Executioner's axe |       |       |       |       |       |    95 |       |  1092 |  8172 ||  9359
       War axe           |       |       |       |       |       |     6 |       |       |       ||     6
 Fire: Blowgun           |       |       |       |       |       |     6 |       |       |       ||     6
Throw: Stone             |     2 |     1 |    18 |     6 |       |       |       |       |       ||    27
       Javelin           |       |       |       |       |    23 |    15 |    12 |    27 |   568 ||   645
       Throwing net      |       |       |       |       |       |       |       |       |     4 ||     4
 Cast: Summon Small Mamm |    12 |       |     1 |       |       |       |       |       |       ||    13
       Call Imp          |     4 |     1 |     7 |       |       |       |       |       |       ||    12
       Call Canine Famil |     3 |    10 |    30 |       |       |       |       |       |       ||    43
       Apportation       |       |       |       |       |       |     6 |     5 |     2 |    38 ||    51
       Repel Missiles    |       |       |       |       |       |     8 |     9 |    12 |    25 ||    54
       Phase Shift       |       |       |       |       |       |       |       |       |    32 ||    32
       Regeneration      |       |       |       |       |       |       |       |       |   142 ||   142
       Song of Slaying   |       |       |       |       |       |       |       |       |    50 ||    50
       Animate Skeleton  |       |       |       |       |       |       |       |       |    32 ||    32
       Silence           |       |       |       |       |       |       |       |       |    20 ||    20
       Summon Butterflie |       |       |       |       |       |       |       |       |    17 ||    17
       Portal Projectile |       |       |       |       |       |       |       |       |    13 ||    13
       Control Undead    |       |       |       |       |       |       |       |       |     6 ||     6
       Passage of Golubr |       |       |       |       |       |       |       |       |     6 ||     6
       Aura of Abjuratio |       |       |       |       |       |       |       |       |     6 ||     6
       Cure Poison       |       |       |       |       |       |       |       |       |     4 ||     4
       Summon Forest     |       |       |       |       |       |       |       |       |     4 ||     4
Invok: Lesser Servant of |       |       |       |    12 |     9 |    24 |    12 |     4 |    15 ||    76
 Abil: Evoke Flight      |       |       |       |       |       |       |     3 |     2 |    11 ||    16
       Blink             |       |       |       |       |       |       |     1 |       |     9 ||    10
       Stop Flying       |       |       |       |       |       |       |     1 |       |     5 ||     6
       Evoke Invisibilit |       |       |       |       |       |       |       |    10 |     9 ||    19
       Turn Visible      |       |       |       |       |       |       |       |     1 |     3 ||     4
       Evoke Berserk Rag |       |       |       |       |       |       |       |       |     2 ||     2
Evoke: Wand              |       |       |     1 |     5 |    14 |     2 |    12 |     5 |    38 ||    77
       Phial of floods   |       |       |       |       |     1 |     1 |     1 |       |    10 ||    13
       Deck              |       |       |       |       |       |     2 |     4 |       |     3 ||     9
       Lamp of fire      |       |       |       |       |       |       |       |       |     7 ||     7
       Sack of spiders   |       |       |       |       |       |       |       |       |    10 ||    10
       Staff of Dispater |       |       |       |       |       |       |       |       |     2 ||     2
       Fan of gales      |       |       |       |       |       |       |       |       |     2 ||     2
       Phantom mirror    |       |       |       |       |       |       |       |       |     2 ||     2
  Use: Scroll            |     5 |     1 |       |     9 |     9 |    21 |    13 |     5 |   120 ||   183
       Potion            |       |       |     1 |     2 |     6 |     8 |     6 |     1 |    54 ||    78
 Stab: Sleeping          |       |     2 |     2 |       |       |       |       |       |    75 ||    79
       Distracted        |       |     1 |     1 |     3 |     1 |     4 |       |       |    45 ||    55
       Confused          |       |       |       |     1 |     4 |       |       |       |     1 ||     6
       Invisible         |       |       |       |    13 |     6 |       |       |    65 |   183 ||   267
       Held in net/web   |       |       |       |       |       |       |       |     1 |     4 ||     5
       Betrayed ally     |       |       |       |       |       |       |       |       |     2 ||     2
       Petrifying        |       |       |       |       |       |       |       |       |     1 ||     1
       Petrified         |       |       |       |       |       |       |       |       |     1 ||     1
  Eat: Chunk             |     4 |     7 |    21 |    36 |    40 |    11 |    27 |    12 |    31 ||   189
       Beef jerky        |       |       |     2 |       |       |     6 |     3 |     1 |     6 ||    18
       Pizza             |       |       |     1 |       |       |     4 |     7 |     1 |     4 ||    17
       Fruit             |       |       |       |       |     8 |    15 |     4 |       |     2 ||    29
       Royal jelly       |       |       |       |       |     1 |     4 |       |       |    22 ||    27
       Bread ration      |       |       |       |       |       |       |     1 |       |     6 ||     7
       Meat ration       |       |       |       |       |       |       |       |     3 |    16 ||    19

Vault maps used:
D:1:      scummos_arrival_gate, minmay_distorted
D:2:      first_bread, minivault_24
D:4:      kennysheep_mini_moat, minmay_temple_entry_glassed_door, uniq_sigmund,
          uniq_natasha, uniq_edmund
D:5:      kennysheep_flooded_box
D:6:      bloody_makhleb, lemuel_crystal_altar, uniq_crazy_yiuf_cottage
D:7:      marbit_many_paths, tso_altar, serial_shops, kennysheep_little_box,
          led_sif_book, uniq_menkaure
D:8:      minmay_flawed_box, minitemple
D:9:      serial_shops, shop
D:10:     basic_altar, uniq_fannar, uniq_nergalle
D:11:     lair_0_dummy, grunt_pizzeria, minmay_crystal_water,
          nicolae_for_you_no_charge
D:12:     david_orc_5
D:13:     cheibrodos_orc_bank, kennysheep_four_rooms
D:14:     hangedman_vaults_entry_quadrant_bands, minmay_misc_feat_tiny,
          uniq_rupert, uniq_urug
D:15:     grunt_enter_depths_magical_seal, nicolae_sextant, serial_undead,
          serial_undead_f, serial_undead_e, serial_undead_f, serial_undead_c,
          serial_shops, nicolae_shop_temple_entry_statues_fountains
Temple:   water_room_temple_b_12
Lair:1:   fungi_pond_lemuel, minivault_27, ice2_lemuel
Lair:3:   guppyfry_snake_entry_island, disabler_island
Lair:4:   bh_autumn_forest_stairs, lemuel_fruit_tree
Lair:5:   minmay_shoals_entry_beasts
Lair:6:   minmay_lair_oklob_tunnel, nicolae_volcano_entry_two_sided
Lair:7:   slime_altar_1, st_stairs_8, eino_small_chamber_without_monster,
          infiniplex_staircase_pool
Lair:8:   guppyfry_lair_end_dragon, hangedman_lair_caniforms_friends,
          kennysheep_basilisk_garden, serial_bayou_shore_b, grunt_megastairs_4,
          lemuel_fruit_fields, serial_bayou_shore_b
Shoals:1: serial_shops, shop
Shoals:4: shoals_end_simple, shoals_ilsuiw_ice, serial_shops,
          nicolae_shop_crystal, shop
Snake:1:  uniq_aizul, uniq_agnes, uniq_nikola
Snake:2:  nicolae_snake_lava_pool
Snake:3:  uniq_norris
Snake:4:  grunt_snake_rune_serpentine_throne
Slime:1:  basic_altar
Slime:3:  nicolae_slime_barrier, dissolution_awaits
Slime:4:  uniq_dissolution
Orc:2:    st_orc_open, serial_shops, shop, uniq_donald, uniq_josephine,
          uniq_saint_roka, uniq_maud
Elf:1:    eino_elf_arrival_shootout, hangedman_corner_corridor, uniq_asterion
Elf:2:    grunt_ministairs_9
Elf:3:    grunt_elf_hall_branching, serial_shops, shop, mu_enter_wizlab_7
Vaults:1: v_misc_19, st_smaller_cells, vaults_room_door_ring, v_misc_29,
          v_rooms_4, vaults_dpeg_encased_lava, serial_shops,
          nicolae_shop_waterfront
Vaults:2: hangedman_vaults_river_flow, vaults_room_large_hall,
          ontoclasm_vaults_shuriken, v_misc_22, vaults_room_fours,
          nicolae_vaults_little_squares_5, ontoclasm_vaults_claustrophobia,
          nicolae_vaults_mini_display_case, v_pattern_3, st_more_cells,
          hangedman_vaults_trim, vaults_room_grid, v_misc_22, v_alt_pattern_3,
          vaults_dpeg_ring, vaults_room_door_hall, grunt_vaults_hallway_short,
          vaults_room_door_ring
Vaults:3: v_misc_27, minmay_crypt_entry_simple_box, hangedman_vaults_pinch,
          vaults_room_glass_cross, dpeg_vaults_monster_box,
          nicolae_vaults_hallways_thing, ontoclasm_vaults_gateway,
          nicolae_trove_entry_crossroad
Vaults:4: nicolae_vaults_little_squares_3, vaults_standard_mumra_x,
          vaults_dpeg_cross, vaults_room_grid, nicolae_vaults_little_squares_1,
          vaults_room_grid, v_misc_17, st_spiral_rooms, hangedman_vaults_locks,
          v_misc_10, dpeg_vaults_monster_row, v_alt_pattern_1, v_misc_28,
          serial_shops, nicolae_shop_crystal, uniq_mennas, uniq_mara
Crypt:2:  grunt_megastairs_3
Crypt:3:  evilmike_haunted_forest
Tomb:3:   uniq_jory
Depths:1: grunt_hell_entry_dis_grunt, evilmike_minifort
Depths:2: hangedman_pleasuredromes, hell_entry, serial_shops
Depths:3: minmay_smoke_and_mirrors, grunt_pan_entry_in_and_out,
          hangedman_tar_grid_catacomb, abyss_entry, small_statue_intersection
Depths:4: hourglass_vault, hangedman_abyss_entry_splay,
          pf_vacation_house_of_asmodeus, serial_shops, shop,
          rand_demon_pan_entry_7, minmay_misc_feat_alley, firewood_loft,
          infiniplex_staircase_pool_2, serial_bayou_shore_b
Depths:5: grunt_zot_entry_tricorne, serial_shops, shop, minmay_misc_feat_doors,
          grunt_metal_band
Dis:3:    hangedman_dis_decor_blocks_mantle
Dis:4:    hangedman_dis_chains
Dis:6:    grunt_dis_stairs_iron_hall
Dis:7:    dis_st
Geh:6:    lemuel_old_faithful
Geh:7:    geh_mu
Coc:1:    special_room
Coc:7:    coc_dpeg
Tar:2:    nicolae_tar_fractal_crypt
Tar:3:    nicolae_tar_cuneiform_sun
Tar:5:    nicolae_tar_cuneiform_bread
Tar:7:    tar_old
Zot:1:    kennysheep_bubbly
Zot:2:    nicolae_lava_and_water
Zot:3:    st_small_dragon_hoard_2
Zot:4:    nicolae_zot_stationary_front
Zot:5:    guppyfry_library_mini
Abyss:1:  evilmike_abyss_exit_smiterflies
Abyss:2:  evilmike_abyss_exit_12
Abyss:3:  evilmike_abyss_rune_ettins
Abyss:4:  grunt_abyss_rune_twisted_forest, bh_abyss_exit_spiral,
          hangedman_abyss_river_spirits, abyss_rune_water_cross,
          hangedman_abyss_exit_choices
Abyss:5:  bh_abyss_xom_lugonu_altar, hangedman_abyss_rune_flesh_and_stone,
          evilmike_abyss_exit_17, bh_silent_lugonu_exit
Pan:      lemuel_hall_of_pain, pan_blood_fountain, nicolae_pan_cerebovesque_3,
          nicolae_pan_sigil_obb, evilmike_mini_pan_corridor,
          evilmike_mini_pan_doors, pan_blood_fountain_small,
          evilmike_mini_pan_doors_b, gloorx_vloq_grunt, grunt_pan_in_and_out,
          grunt_pan_frozen_over, pan_blood_fountain, evilmike_mini_pan_doors,
          nicolae_pan_door_chamber, pan_blood_fountain, lemuel_hellion_island,
          rand_demon_8, pan_blood_fountain_small, lom_lobon_grunt,
          nicolae_pan_door_chamber, nicolae_pan_mnolegish_3, rand_demon_6,
          grunt_pan_in_and_out, pan_blood_fountain_small,
          nicolae_pan_gloorx_vloqian_2, mnoleg_grunt_wretched_star,
          evilmike_mini_pan_possible_glass, rand_demon_5,
          evilmike_mini_pan_possible_glass, nicolae_pan_mnolegish_4,
          evilmike_mini_pan_pillars_b, pan_blood_fountain, pan_blood_fountain_2,
          nicolae_pan_gloorx_vloqian_4, evilmike_mini_pan_corridor,
          pan_blood_fountain_small, pan_blood_fountain, nicolae_pan_hourglass,
          nicolae_pan_mnolegish_5, evilmike_mini_pan_corner,
          evilmike_mini_pan_doors_b, pan_blood_fountain,
          nicolae_pan_gloorx_vloqian_1, evilmike_mini_pan_branches,
          evilmike_holy_pan, grunt_pan_spiral, pan_blood_fountain_2,
          cerebov_grunt
Zig:8:    ziggurat_pillar_centre_smoke
Zig:10:   ziggurat_pillar_centre_c
Zig:11:   ziggurat_pillar_centre_dead_trees
Zig:18:   ziggurat_pillar_centre_drop
Zig:22:   ziggurat_loot_1
Trove:    trove_simple
Volcano:  volcano_tomb
